Workbook

Sheet Matériaux
B7: Coût a répartir sur l’année/ nombre mini d’ateliers
B9: Coût materiel | C9: Coût amenagement
B10: =Tableau5[[#Totals],[Prix TTC/Birr ]] -> 4167.5428 | C10: =Tableau10[[#Totals],[Prix TTC/birr]] -> 0
B11: Total | C11: {=Tableau12[Coût materiel]+Tableau12[Coût amenagement]} -> 4167.5428
B12: Total
B17: Matériaux | C17: Type de materiaux | D17: Quantité unitaire/g | E17: Provenance | F17: Transport | G17: Prix transport/g2 | H17: Prix HT/birr unitaire | I17: Prix TTC/Birr unitaire | J17: Prix HT/g - Birr | K17: Prix HT/kg- Birr | L17: Prix TTC/kg - Birr | M17: Prix TTC/g - Birr | N17: Prix TTC/g
B18: Acide citrique | C18: Produits chimiques | D18: =25*1000 -> 25000 | E18: Jigra | F18: 222 | G18: =Tableau1[[#This Row],[Transport ]]/Tableau1[[#This Row],[Quantité unitaire/g ]] -> 0.00888 | H18: 1500 | I18: =Tableau1[[#This Row],[Prix HT/birr unitaire]]+((Tableau1[[#This Row],[Prix HT/birr unitaire]])*(15/100)) -> 1725 | J18: =Tableau1[[#This Row],[Prix HT/kg- Birr]]/1000 -> 0.06 | K18: =(Tableau1[[#This Row],[Prix HT/birr unitaire]]/Tableau1[[#This Row],[Quantité unitaire/g ]])*1000 -> 60 | L18: =(Tableau1[[#This Row],[Prix TTC/Birr unitaire ]]/Tableau1[[#This Row],[Quantité unitaire/g ]])*1000 -> 69 | M18: =Tableau1[[#This Row],[Prix TTC/kg - Birr]]/1000 -> 0.069 | N18: =Tableau1[[#This Row],[Prix TTC/g - Birr]]+Tableau1[[#This Row],[Prix transport/g2]] -> 0.07788
B19: Bicarbonate de soude | C19: Produits chimiques | D19: =25*1000 -> 25000 | E19: Jigra | F19: 222 | G19: =Tableau1[[#This Row],[Transport ]]/Tableau1[[#This Row],[Quantité unitaire/g ]] -> 0.00888 | H19: 750 | I19: =Tableau1[[#This Row],[Prix HT/birr unitaire]]+((Tableau1[[#This Row],[Prix HT/birr unitaire]])*(15/100)) -> 862.5 | J19: =Tableau1[[#This Row],[Prix HT/kg- Birr]]/1000 -> 0.03 | K19: =(Tableau1[[#This Row],[Prix HT/birr unitaire]]/Tableau1[[#This Row],[Quantité unitaire/g ]])*1000 -> 30 | L19: =(Tableau1[[#This Row],[Prix TTC/Birr unitaire ]]/Tableau1[[#This Row],[Quantité unitaire/g ]])*1000 -> 34.5 | M19: =Tableau1[[#This Row],[Prix TTC/kg - Birr]]/1000 -> 0.0345 | N19: =Tableau1[[#This Row],[Prix TTC/g - Birr]]+Tableau1[[#This Row],[Prix transport/g2]] -> 0.04338
B20: Cristaux de soude | C20: Produits chimiques | D20: =40*1000 -> 40000 | E20: Jigra | F20: 222 | G20: =Tableau1[[#This Row],[Transport ]]/Tableau1[[#This Row],[Quantité unitaire/g ]] -> 0.00555 | H20: 1200 | I20: =Tableau1[[#This Row],[Prix HT/birr unitaire]]+((Tableau1[[#This Row],[Prix HT/birr unitaire]])*(15/100)) -> 1380 | J20: =Tableau1[[#This Row],[Prix HT/kg- Birr]]/1000 -> 0.03 | K20: =(Tableau1[[#This Row],[Prix HT/birr unitaire]]/Tableau1[[#This Row],[Quantité unitaire/g ]])*1000 -> 30 | L20: =(Tableau1[[#This Row],[Prix TTC/Birr unitaire ]]/Tableau1[[#This Row],[Quantité unitaire/g ]])*1000 -> 34.5 | M20: =Tableau1[[#This Row],[Prix TTC/kg - Birr]]/1000 -> 0.0345 | N20: =Tableau1[[#This Row],[Prix TTC/g - Birr]]+Tableau1[[#This Row],[Prix transport/g2]] -> 0.04005
B21: Hydroxyde de sodium | C21: Produits chimiques | D21: 0 | F21: 0 | G21: 0 | H21: 0 | I21: =Tableau1[[#This Row],[Prix HT/birr unitaire]]+((Tableau1[[#This Row],[Prix HT/birr unitaire]])*(15/100)) -> 0 | J21: =Tableau1[[#This Row],[Prix HT/kg- Birr]]/1000 -> #DIV/0! | K21: =(Tableau1[[#This Row],[Prix HT/birr unitaire]]/Tableau1[[#This Row],[Quantité unitaire/g ]])*1000 -> #DIV/0! | L21: =(Tableau1[[#This Row],[Prix TTC/Birr unitaire ]]/Tableau1[[#This Row],[Quantité unitaire/g ]])*1000 -> #DIV/0! | M21: =Tableau1[[#This Row],[Prix TTC/kg - Birr]]/1000 -> #DIV/0! | N21: =Tableau1[[#This Row],[Prix TTC/g - Birr]]+Tableau1[[#This Row],[Prix transport/g2]] -> #DIV/0!
B22: Soude caustique | C22: Produits chimiques | D22: 25000 | E22: Jigra | F22: 222 | G22: =Tableau1[[#This Row],[Transport ]]/Tableau1[[#This Row],[Quantité unitaire/g ]] -> 0.00888 | H22: 1200 | I22: =Tableau1[[#This Row],[Prix HT/birr unitaire]]+((Tableau1[[#This Row],[Prix HT/birr unitaire]])*(15/100)) -> 1380 | J22: =Tableau1[[#This Row],[Prix HT/kg- Birr]]/1000 -> 0.048 | K22: =(Tableau1[[#This Row],[Prix HT/birr unitaire]]/Tableau1[[#This Row],[Quantité unitaire/g ]])*1000 -> 48 | L22: =(Tableau1[[#This Row],[Prix TTC/Birr unitaire ]]/Tableau1[[#This Row],[Quantité unitaire/g ]])*1000 -> 55.2 | M22: =Tableau1[[#This Row],[Prix TTC/kg - Birr]]/1000 -> 0.0552 | N22: =Tableau1[[#This Row],[Prix TTC/g - Birr]]+Tableau1[[#This Row],[Prix transport/g2]] -> 0.06408
B23: Percarbonate de soude | C23: Produits chimiques | D23: =25*1000 -> 25000 | E23: Jigra | F23: 222 | G23: =Tableau1[[#This Row],[Transport ]]/Tableau1[[#This Row],[Quantité unitaire/g ]] -> 0.00888 | H23: 850 | I23: =Tableau1[[#This Row],[Prix HT/birr unitaire]]+((Tableau1[[#This Row],[Prix HT/birr unitaire]])*(15/100)) -> 977.5 | J23: =Tableau1[[#This Row],[Prix HT/kg- Birr]]/1000 -> 0.034 | K23: =(Tableau1[[#This Row],[Prix HT/birr unitaire]]/Tableau1[[#This Row],[Quantité unitaire/g ]])*1000 -> 34 | L23: =(Tableau1[[#This Row],[Prix TTC/Birr unitaire ]]/Tableau1[[#This Row],[Quantité unitaire/g ]])*1000 -> 39.1 | M23: =Tableau1[[#This Row],[Prix TTC/kg - Birr]]/1000 -> 0.0391 | N23: =Tableau1[[#This Row],[Prix TTC/g - Birr]]+Tableau1[[#This Row],[Prix transport/g2]] -> 0.04798
B24: Vinaigre blanc | C24: Alcool | D24: 500 | E24: Bambis | F24: 241 | G24: =Tableau1[[#This Row],[Transport ]]/Tableau1[[#This Row],[Quantité unitaire/g ]] -> 0.482 | H24: 10.3 | I24: 10.3 | J24: =Tableau1[[#This Row],[Prix HT/kg- Birr]]/1000 -> 0.0206 | K24: =(Tableau1[[#This Row],[Prix HT/birr unitaire]]/Tableau1[[#This Row],[Quantité unitaire/g ]])*1000 -> 20.6 | L24: =(Tableau1[[#This Row],[Prix TTC/Birr unitaire ]]/Tableau1[[#This Row],[Quantité unitaire/g ]])*1000 -> 20.6 | M24: =Tableau1[[#This Row],[Prix TTC/kg - Birr]]/1000 -> 0.0206 | N24: =Tableau1[[#This Row],[Prix TTC/g - Birr]]+Tableau1[[#This Row],[Prix transport/g2]] -> 0.5026
B25: Alcool denaturé | C25: Alcool | D25: 1000 | E25: Bambis | F25: 241 | G25: =Tableau1[[#This Row],[Transport ]]/Tableau1[[#This Row],[Quantité unitaire/g ]] -> 0.241 | H25: 175 | I25: 175 | J25: =Tableau1[[#This Row],[Prix HT/kg- Birr]]/1000 -> 0.175 | K25: =(Tableau1[[#This Row],[Prix HT/birr unitaire]]/Tableau1[[#This Row],[Quantité unitaire/g ]])*1000 -> 175 | L25: =(Tableau1[[#This Row],[Prix TTC/Birr unitaire ]]/Tableau1[[#This Row],[Quantité unitaire/g ]])*1000 -> 175 | M25: =Tableau1[[#This Row],[Prix TTC/kg - Birr]]/1000 -> 0.175 | N25: =Tableau1[[#This Row],[Prix TTC/g - Birr]]+Tableau1[[#This Row],[Prix transport/g2]] -> 0.416
B26: Alcool modifié/vodka | C26: Alcool | D26: 0 | F26: 0 | G26: 0 | H26: =Tableau1[[#This Row],[Prix HT/kg- Birr]]*Tableau1[[#This Row],[Quantité unitaire/g ]] -> 0 | I26: =Tableau1[[#This Row],[Prix HT/birr unitaire]]+((Tableau1[[#This Row],[Prix HT/birr unitaire]])*(15/100)) -> 0 | J26: =Tableau1[[#This Row],[Prix HT/kg- Birr]]/1000 -> 0.065 | K26: =(Tableau1[[#This Row],[Prix HT/birr unitaire]]/Tableau1[[#This Row],[Quantité unitaire/g ]])*1000 -> 65 | L26: =(Tableau1[[#This Row],[Prix TTC/Birr unitaire ]]/Tableau1[[#This Row],[Quantité unitaire/g ]])*1000 -> 74.75 | M26: =Tableau1[[#This Row],[Prix TTC/kg - Birr]]/1000 -> 0 | N26: =Tableau1[[#This Row],[Prix TTC/g - Birr]]+Tableau1[[#This Row],[Prix transport/g2]] -> 0
B27: Alcool a 70 °C | C27: Alcool | D27: 0 | F27: 0 | G27: 0 | H27: 0 | I27: 0 | J27: =Tableau1[[#This Row],[Prix HT/kg- Birr]]/1000 -> #DIV/0! | K27: =(Tableau1[[#This Row],[Prix HT/birr unitaire]]/Tableau1[[#This Row],[Quantité unitaire/g ]])*1000 -> #DIV/0! | L27: =(Tableau1[[#This Row],[Prix TTC/Birr unitaire ]]/Tableau1[[#This Row],[Quantité unitaire/g ]])*1000 -> #DIV/0! | M27: =Tableau1[[#This Row],[Prix TTC/kg - Birr]]/1000 -> #DIV/0! | N27: =Tableau1[[#This Row],[Prix TTC/g - Birr]]+Tableau1[[#This Row],[Prix transport/g2]] -> #DIV/0!
B28: Terebentine | C28: Huiles essentielles | D28: 0 | F28: 0 | G28: =Tableau1[[#This Row],[Transport ]]/Tableau1[[#This Row],[Quantité unitaire/g ]] -> #DIV/0! | H28: =Tableau1[[#This Row],[Prix HT/kg- Birr]]*Tableau1[[#This Row],[Quantité unitaire/g ]] -> 0 | I28: =Tableau1[[#This Row],[Prix HT/birr unitaire]]+((Tableau1[[#This Row],[Prix HT/birr unitaire]])*(15/100)) -> 0 | J28: =Tableau1[[#This Row],[Prix HT/kg- Birr]]/1000 -> 0.065 | K28: =(Tableau1[[#This Row],[Prix HT/birr unitaire]]/Tableau1[[#This Row],[Quantité unitaire/g ]])*1000 -> 65 | L28: =(Tableau1[[#This Row],[Prix TTC/Birr unitaire ]]/Tableau1[[#This Row],[Quantité unitaire/g ]])*1000 -> 74.75 | M28: =Tableau1[[#This Row],[Prix TTC/kg - Birr]]/1000 -> 0 | N28: =Tableau1[[#This Row],[Prix TTC/g - Birr]]+Tableau1[[#This Row],[Prix transport/g2]] -> 0
B29: HÉ Thym | C29: Huiles essentielles | D29: 0 | E29: Ariti herbal | F29: 200 | G29: =Tableau1[[#This Row],[Transport ]]/Tableau1[[#This Row],[Quantité unitaire/g ]] -> #DIV/0! | H29: =Tableau1[[#This Row],[Prix HT/kg- Birr]]*Tableau1[[#This Row],[Quantité unitaire/g ]] -> 0 | I29: =Tableau1[[#This Row],[Prix HT/birr unitaire]]+((Tableau1[[#This Row],[Prix HT/birr unitaire]])*(15/100)) -> 0 | J29: =Tableau1[[#This Row],[Prix HT/kg- Birr]]/1000 -> 0.065 | K29: =(Tableau1[[#This Row],[Prix HT/birr unitaire]]/Tableau1[[#This Row],[Quantité unitaire/g ]])*1000 -> 65 | L29: =(Tableau1[[#This Row],[Prix TTC/Birr unitaire ]]/Tableau1[[#This Row],[Quantité unitaire/g ]])*1000 -> 74.75 | N29: =Tableau1[[#This Row],[Prix TTC/g - Birr]]+Tableau1[[#This Row],[Prix transport/g2]] -> #DIV/0!
B30: HÉ citron | C30: Huiles essentielles | D30: 1000 | E30: Damascène essential oil | F30: 0 | G30: =Tableau1[[#This Row],[Transport ]]/Tableau1[[#This Row],[Quantité unitaire/g ]] -> 0 | H30: 1800 | I30: 1800 | J30: =Tableau1[[#This Row],[Prix HT/kg- Birr]]/1000 -> 1.8 | K30: =(Tableau1[[#This Row],[Prix HT/birr unitaire]]/Tableau1[[#This Row],[Quantité unitaire/g ]])*1000 -> 1800 | L30: =(Tableau1[[#This Row],[Prix TTC/Birr unitaire ]]/Tableau1[[#This Row],[Quantité unitaire/g ]])*1000 -> 1800 | M30: =Tableau1[[#This Row],[Prix TTC/kg - Birr]]/1000 -> 1.8 | N30: =Tableau1[[#This Row],[Prix TTC/g - Birr]]+Tableau1[[#This Row],[Prix transport/g2]] -> 1.8
B31: HÉ orange | C31: Huiles essentielles | D31: 1000 | E31: Damascène essential oil | F31: 0 | G31: =Tableau1[[#This Row],[Transport ]]/Tableau1[[#This Row],[Quantité unitaire/g ]] -> 0 | H31: 1800 | I31: 1800 | J31: =Tableau1[[#This Row],[Prix HT/kg- Birr]]/1000 -> 1.8 | K31: =(Tableau1[[#This Row],[Prix HT/birr unitaire]]/Tableau1[[#This Row],[Quantité unitaire/g ]])*1000 -> 1800 | L31: =(Tableau1[[#This Row],[Prix TTC/Birr unitaire ]]/Tableau1[[#This Row],[Quantité unitaire/g ]])*1000 -> 1800 | M31: =Tableau1[[#This Row],[Prix TTC/kg - Birr]]/1000 -> 1.8 | N31: =Tableau1[[#This Row],[Prix TTC/g - Birr]]+Tableau1[[#This Row],[Prix transport/g2]] -> 1.8
B32: HÉ Romarin | C32: Huiles essentielles | D32: 1000 | E32: Damascène essential oil | F32: 0 | G32: =Tableau1[[#This Row],[Transport ]]/Tableau1[[#This Row],[Quantité unitaire/g ]] -> 0 | H32: 1800 | I32: 1800 | J32: =Tableau1[[#This Row],[Prix HT/kg- Birr]]/1000 -> 1.8 | K32: =(Tableau1[[#This Row],[Prix HT/birr unitaire]]/Tableau1[[#This Row],[Quantité unitaire/g ]])*1000 -> 1800 | L32: =(Tableau1[[#This Row],[Prix TTC/Birr unitaire ]]/Tableau1[[#This Row],[Quantité unitaire/g ]])*1000 -> 1800 | M32: =Tableau1[[#This Row],[Prix TTC/kg - Birr]]/1000 -> 1.8 | N32: =Tableau1[[#This Row],[Prix TTC/g - Birr]]+Tableau1[[#This Row],[Prix transport/g2]] -> 1.8
B33: HÉ lemongrass | C33: Huiles essentielles | D33: 1000 | E33: Damascène essential oil | F33: 0 | G33: =Tableau1[[#This Row],[Transport ]]/Tableau1[[#This Row],[Quantité unitaire/g ]] -> 0 | H33: 1800 | I33: 1800 | J33: =Tableau1[[#This Row],[Prix HT/kg- Birr]]/1000 -> 1.8 | K33: =(Tableau1[[#This Row],[Prix HT/birr unitaire]]/Tableau1[[#This Row],[Quantité unitaire/g ]])*1000 -> 1800 | L33: =(Tableau1[[#This Row],[Prix TTC/Birr unitaire ]]/Tableau1[[#This Row],[Quantité unitaire/g ]])*1000 -> 1800 | M33: =Tableau1[[#This Row],[Prix TTC/kg - Birr]]/1000 -> 1.8 | N33: =Tableau1[[#This Row],[Prix TTC/g - Birr]]+Tableau1[[#This Row],[Prix transport/g2]] -> 1.8
B34: HÉ eucalyptus | C34: Huiles essentielles | D34: 1000 | E34: Damascène essential oil | F34: 0 | G34: =Tableau1[[#This Row],[Transport ]]/Tableau1[[#This Row],[Quantité unitaire/g ]] -> 0 | H34: 1800 | I34: 1800 | J34: =Tableau1[[#This Row],[Prix HT/kg- Birr]]/1000 -> 1.8 | K34: =(Tableau1[[#This Row],[Prix HT/birr unitaire]]/Tableau1[[#This Row],[Quantité unitaire/g ]])*1000 -> 1800 | L34: =(Tableau1[[#This Row],[Prix TTC/Birr unitaire ]]/Tableau1[[#This Row],[Quantité unitaire/g ]])*1000 -> 1800 | M34: =Tableau1[[#This Row],[Prix TTC/kg - Birr]]/1000 -> 1.8 | N34: =Tableau1[[#This Row],[Prix TTC/g - Birr]]+Tableau1[[#This Row],[Prix transport/g2]] -> 1.8
B35: HÉ orange | C35: Huiles essentielles | D35: 1000 | E35: Damascène essential oil | F35: 0 | G35: =Tableau1[[#This Row],[Transport ]]/Tableau1[[#This Row],[Quantité unitaire/g ]] -> 0 | H35: 1800 | I35: 1800 | J35: =Tableau1[[#This Row],[Prix HT/kg- Birr]]/1000 -> 1.8 | K35: =(Tableau1[[#This Row],[Prix HT/birr unitaire]]/Tableau1[[#This Row],[Quantité unitaire/g ]])*1000 -> 1800 | L35: =(Tableau1[[#This Row],[Prix TTC/Birr unitaire ]]/Tableau1[[#This Row],[Quantité unitaire/g ]])*1000 -> 1800 | M35: =Tableau1[[#This Row],[Prix TTC/kg - Birr]]/1000 -> 1.8 | N35: =Tableau1[[#This Row],[Prix TTC/g - Birr]]+Tableau1[[#This Row],[Prix transport/g2]] -> 1.8
B36: HÉ eucalyptus | C36: Huiles essentielles | D36: 250 | E36: Ariti herbal | F36: 200 | G36: =Tableau1[[#This Row],[Transport ]]/Tableau1[[#This Row],[Quantité unitaire/g ]] -> 0.8 | H36: 575 | I36: 575 | J36: =Tableau1[[#This Row],[Prix HT/kg- Birr]]/1000 -> 2.3 | K36: =(Tableau1[[#This Row],[Prix HT/birr unitaire]]/Tableau1[[#This Row],[Quantité unitaire/g ]])*1000 -> 2300 | L36: =(Tableau1[[#This Row],[Prix TTC/Birr unitaire ]]/Tableau1[[#This Row],[Quantité unitaire/g ]])*1000 -> 2300 | M36: =Tableau1[[#This Row],[Prix TTC/kg - Birr]]/1000 -> 2.3 | N36: =Tableau1[[#This Row],[Prix TTC/g - Birr]]+Tableau1[[#This Row],[Prix transport/g2]] -> 3.1
B37: HÉ eucalyptus | C37: Huiles essentielles | D37: 30 | E37: Aberra cosmetique | F37: 274 | G37: =Tableau1[[#This Row],[Transport ]]/Tableau1[[#This Row],[Quantité unitaire/g ]] -> 9.1333333 | H37: 200 | I37: 200 | J37: =Tableau1[[#This Row],[Prix HT/kg- Birr]]/1000 -> 6.6666667 | K37: =(Tableau1[[#This Row],[Prix HT/birr unitaire]]/Tableau1[[#This Row],[Quantité unitaire/g ]])*1000 -> 6666.6667 | L37: =(Tableau1[[#This Row],[Prix TTC/Birr unitaire ]]/Tableau1[[#This Row],[Quantité unitaire/g ]])*1000 -> 6666.6667 | M37: =Tableau1[[#This Row],[Prix TTC/kg - Birr]]/1000 -> 6.6666667 | N37: =Tableau1[[#This Row],[Prix TTC/g - Birr]]+Tableau1[[#This Row],[Prix transport/g2]] -> 15.8
B38: HÉ orange | C38: Huiles essentielles | D38: 30 | E38: Aberra cosmetique | F38: 274 | G38: =Tableau1[[#This Row],[Transport ]]/Tableau1[[#This Row],[Quantité unitaire/g ]] -> 9.1333333 | H38: 300 | I38: 300 | J38: =Tableau1[[#This Row],[Prix HT/kg- Birr]]/1000 -> 10 | K38: =(Tableau1[[#This Row],[Prix HT/birr unitaire]]/Tableau1[[#This Row],[Quantité unitaire/g ]])*1000 -> 10000 | L38: =(Tableau1[[#This Row],[Prix TTC/Birr unitaire ]]/Tableau1[[#This Row],[Quantité unitaire/g ]])*1000 -> 10000 | M38: =Tableau1[[#This Row],[Prix TTC/kg - Birr]]/1000 -> 10 | N38: =Tableau1[[#This Row],[Prix TTC/g - Birr]]+Tableau1[[#This Row],[Prix transport/g2]] -> 19.133333
B39: HÉ lemongrass | C39: Huiles essentielles | D39: 30 | E39: Aberra cosmetique | F39: 274 | G39: =Tableau1[[#This Row],[Transport ]]/Tableau1[[#This Row],[Quantité unitaire/g ]] -> 9.1333333 | H39: 350 | I39: 350 | J39: =Tableau1[[#This Row],[Prix HT/kg- Birr]]/1000 -> 11.666667 | K39: =(Tableau1[[#This Row],[Prix HT/birr unitaire]]/Tableau1[[#This Row],[Quantité unitaire/g ]])*1000 -> 11666.667 | L39: =(Tableau1[[#This Row],[Prix TTC/Birr unitaire ]]/Tableau1[[#This Row],[Quantité unitaire/g ]])*1000 -> 11666.667 | M39: =Tableau1[[#This Row],[Prix TTC/kg - Birr]]/1000 -> 11.666667 | N39: =Tableau1[[#This Row],[Prix TTC/g - Birr]]+Tableau1[[#This Row],[Prix transport/g2]] -> 20.8
B40: HÉ franckincense | C40: Huiles essentielles | D40: 30 | E40: Aberra cosmetique | F40: 274 | G40: =Tableau1[[#This Row],[Transport ]]/Tableau1[[#This Row],[Quantité unitaire/g ]] -> 9.1333333 | H40: 400 | I40: 400 | J40: =Tableau1[[#This Row],[Prix HT/kg- Birr]]/1000 -> 13.333333 | K40: =(Tableau1[[#This Row],[Prix HT/birr unitaire]]/Tableau1[[#This Row],[Quantité unitaire/g ]])*1000 -> 13333.333 | L40: =(Tableau1[[#This Row],[Prix TTC/Birr unitaire ]]/Tableau1[[#This Row],[Quantité unitaire/g ]])*1000 -> 13333.333 | M40: =Tableau1[[#This Row],[Prix TTC/kg - Birr]]/1000 -> 13.333333 | N40: =Tableau1[[#This Row],[Prix TTC/g - Birr]]+Tableau1[[#This Row],[Prix transport/g2]] -> 22.466667
B41: HÉ Romarin | C41: Huiles essentielles | D41: 30 | E41: Aberra cosmetique | F41: 274 | G41: =Tableau1[[#This Row],[Transport ]]/Tableau1[[#This Row],[Quantité unitaire/g ]] -> 9.1333333 | H41: 550 | I41: 550 | J41: =Tableau1[[#This Row],[Prix HT/kg- Birr]]/1000 -> 18.333333 | K41: =(Tableau1[[#This Row],[Prix HT/birr unitaire]]/Tableau1[[#This Row],[Quantité unitaire/g ]])*1000 -> 18333.333 | L41: =(Tableau1[[#This Row],[Prix TTC/Birr unitaire ]]/Tableau1[[#This Row],[Quantité unitaire/g ]])*1000 -> 18333.333 | M41: =Tableau1[[#This Row],[Prix TTC/kg - Birr]]/1000 -> 18.333333 | N41: =Tableau1[[#This Row],[Prix TTC/g - Birr]]+Tableau1[[#This Row],[Prix transport/g2]] -> 27.466667
B42: HÉ franckincense | C42: Huiles essentielles | D42: 10 | E42: Ariti herbal | F42: 200 | G42: =Tableau1[[#This Row],[Transport ]]/Tableau1[[#This Row],[Quantité unitaire/g ]] -> 20 | J42: =Tableau1[[#This Row],[Prix HT/kg- Birr]]/1000 -> 0 | K42: =(Tableau1[[#This Row],[Prix HT/birr unitaire]]/Tableau1[[#This Row],[Quantité unitaire/g ]])*1000 -> 0 | L42: =(Tableau1[[#This Row],[Prix TTC/Birr unitaire ]]/Tableau1[[#This Row],[Quantité unitaire/g ]])*1000 -> 0 | M42: =Tableau1[[#This Row],[Prix TTC/kg - Birr]]/1000 -> 0 | N42: =Tableau1[[#This Row],[Prix TTC/g - Birr]]+Tableau1[[#This Row],[Prix transport/g2]] -> 20
B43: HÉ Palmarosa | C43: Huiles essentielles | D43: 10 | E43: Ariti herbal | F43: 200 | G43: =Tableau1[[#This Row],[Transport ]]/Tableau1[[#This Row],[Quantité unitaire/g ]] -> 20 | H43: 25 | I43: 25 | J43: =Tableau1[[#This Row],[Prix HT/kg- Birr]]/1000 -> 2.5 | K43: =(Tableau1[[#This Row],[Prix HT/birr unitaire]]/Tableau1[[#This Row],[Quantité unitaire/g ]])*1000 -> 2500 | L43: =(Tableau1[[#This Row],[Prix TTC/Birr unitaire ]]/Tableau1[[#This Row],[Quantité unitaire/g ]])*1000 -> 2500 | M43: =Tableau1[[#This Row],[Prix TTC/kg - Birr]]/1000 -> 2.5 | N43: =Tableau1[[#This Row],[Prix TTC/g - Birr]]+Tableau1[[#This Row],[Prix transport/g2]] -> 22.5
B44: HE tea tree | C44: Huiles essentielles | D44: 0 | E44: Aberra cosmetique | F44: 274 | G44: 0 | H44: 0 | I44: 0 | J44: =Tableau1[[#This Row],[Prix HT/kg- Birr]]/1000 -> #DIV/0! | K44: =(Tableau1[[#This Row],[Prix HT/birr unitaire]]/Tableau1[[#This Row],[Quantité unitaire/g ]])*1000 -> #DIV/0! | L44: =(Tableau1[[#This Row],[Prix TTC/Birr unitaire ]]/Tableau1[[#This Row],[Quantité unitaire/g ]])*1000 -> #DIV/0! | M44: =Tableau1[[#This Row],[Prix TTC/kg - Birr]]/1000 -> #DIV/0! | N44: =Tableau1[[#This Row],[Prix TTC/g - Birr]]+Tableau1[[#This Row],[Prix transport/g2]] -> #DIV/0!
B45: Cire d’abeille | C45: Huiles | D45: 1000 | E45: Ellelan | F45: 0 | G45: =Tableau1[[#This Row],[Transport ]]/Tableau1[[#This Row],[Quantité unitaire/g ]] -> 0 | H45: 275 | I45: 275 | J45: =Tableau1[[#This Row],[Prix HT/kg- Birr]]/1000 -> 0.275 | K45: =(Tableau1[[#This Row],[Prix HT/birr unitaire]]/Tableau1[[#This Row],[Quantité unitaire/g ]])*1000 -> 275 | L45: =(Tableau1[[#This Row],[Prix TTC/Birr unitaire ]]/Tableau1[[#This Row],[Quantité unitaire/g ]])*1000 -> 275 | M45: =Tableau1[[#This Row],[Prix TTC/kg - Birr]]/1000 -> 0.275 | N45: =Tableau1[[#This Row],[Prix TTC/g - Birr]]+Tableau1[[#This Row],[Prix transport/g2]] -> 0.275
B46: Huile de ricin | C46: Huiles | D46: 60 | E46: Aberra cosmetique | F46: 274 | G46: 0 | H46: 150 | I46: 150 | J46: =Tableau1[[#This Row],[Prix HT/kg- Birr]]/1000 -> 2.5 | K46: =(Tableau1[[#This Row],[Prix HT/birr unitaire]]/Tableau1[[#This Row],[Quantité unitaire/g ]])*1000 -> 2500 | L46: =(Tableau1[[#This Row],[Prix TTC/Birr unitaire ]]/Tableau1[[#This Row],[Quantité unitaire/g ]])*1000 -> 2500 | M46: =Tableau1[[#This Row],[Prix TTC/kg - Birr]]/1000 -> 2.5 | N46: =Tableau1[[#This Row],[Prix TTC/g - Birr]]+Tableau1[[#This Row],[Prix transport/g2]] -> 2.5
B47: Huile ricin | C47: Huiles | D47: 100 | E47: ESB products | F47: 200 | G47: =Tableau1[[#This Row],[Transport ]]/Tableau1[[#This Row],[Quantité unitaire/g ]] -> 2 | H47: 217 | I47: 251 | J47: =Tableau1[[#This Row],[Prix HT/kg- Birr]]/1000 -> 2.17 | K47: =(Tableau1[[#This Row],[Prix HT/birr unitaire]]/Tableau1[[#This Row],[Quantité unitaire/g ]])*1000 -> 2170 | L47: =(Tableau1[[#This Row],[Prix TTC/Birr unitaire ]]/Tableau1[[#This Row],[Quantité unitaire/g ]])*1000 -> 2510 | M47: =Tableau1[[#This Row],[Prix TTC/kg - Birr]]/1000 -> 2.51 | N47: =Tableau1[[#This Row],[Prix TTC/g - Birr]]+Tableau1[[#This Row],[Prix transport/g2]] -> 4.51
B48: Huile de coco | C48: Huiles | D48: 230 | E48: ESB products | F48: 200 | G48: =Tableau1[[#This Row],[Transport ]]/Tableau1[[#This Row],[Quantité unitaire/g ]] -> 0.86956522 | H48: 217 | I48: 251 | J48: =Tableau1[[#This Row],[Prix HT/kg- Birr]]/1000 -> 0.94347826 | K48: =(Tableau1[[#This Row],[Prix HT/birr unitaire]]/Tableau1[[#This Row],[Quantité unitaire/g ]])*1000 -> 943.47826 | L48: =(Tableau1[[#This Row],[Prix TTC/Birr unitaire ]]/Tableau1[[#This Row],[Quantité unitaire/g ]])*1000 -> 1091.3043 | M48: =Tableau1[[#This Row],[Prix TTC/kg - Birr]]/1000 -> 1.0913043 | N48: =Tableau1[[#This Row],[Prix TTC/g - Birr]]+Tableau1[[#This Row],[Prix transport/g2]] -> 1.9608696
B49: Huile de coco | C49: Huiles | D49: 0 | F49: 0 | G49: 0 | H49: 0 | I49: 0 | J49: =Tableau1[[#This Row],[Prix HT/kg- Birr]]/1000 -> #DIV/0! | K49: =(Tableau1[[#This Row],[Prix HT/birr unitaire]]/Tableau1[[#This Row],[Quantité unitaire/g ]])*1000 -> #DIV/0! | L49: =(Tableau1[[#This Row],[Prix TTC/Birr unitaire ]]/Tableau1[[#This Row],[Quantité unitaire/g ]])*1000 -> #DIV/0! | M49: =Tableau1[[#This Row],[Prix TTC/kg - Birr]]/1000 -> #DIV/0! | N49: =Tableau1[[#This Row],[Prix TTC/g - Birr]]+Tableau1[[#This Row],[Prix transport/g2]] -> #DIV/0!
B50: Hui de lin | C50: Huiles | D50: 200 | E50: Ariti herbal | F50: 200 | G50: =Tableau1[[#This Row],[Transport ]]/Tableau1[[#This Row],[Quantité unitaire/g ]] -> 1 | H50: 70 | I50: 70 | J50: =Tableau1[[#This Row],[Prix HT/kg- Birr]]/1000 -> 0.35 | K50: =(Tableau1[[#This Row],[Prix HT/birr unitaire]]/Tableau1[[#This Row],[Quantité unitaire/g ]])*1000 -> 350 | L50: =(Tableau1[[#This Row],[Prix TTC/Birr unitaire ]]/Tableau1[[#This Row],[Quantité unitaire/g ]])*1000 -> 350 | M50: =Tableau1[[#This Row],[Prix TTC/kg - Birr]]/1000 -> 0.35 | N50: =Tableau1[[#This Row],[Prix TTC/g - Birr]]+Tableau1[[#This Row],[Prix transport/g2]] -> 1.35
B51: Huile Moringa | C51: Huiles | D51: 50 | E51: Ariti herbal | F51: 200 | G51: =Tableau1[[#This Row],[Transport ]]/Tableau1[[#This Row],[Quantité unitaire/g ]] -> 4 | H51: 35 | I51: 35 | J51: =Tableau1[[#This Row],[Prix HT/kg- Birr]]/1000 -> 0.7 | K51: =(Tableau1[[#This Row],[Prix HT/birr unitaire]]/Tableau1[[#This Row],[Quantité unitaire/g ]])*1000 -> 700 | L51: =(Tableau1[[#This Row],[Prix TTC/Birr unitaire ]]/Tableau1[[#This Row],[Quantité unitaire/g ]])*1000 -> 700 | M51: =Tableau1[[#This Row],[Prix TTC/kg - Birr]]/1000 -> 0.7 | N51: =Tableau1[[#This Row],[Prix TTC/g - Birr]]+Tableau1[[#This Row],[Prix transport/g2]] -> 4.7
B52: Huile Moringa | C52: Huile | D52: 60 | E52: Aberra cosmetique | F52: 274 | G52: =Tableau1[[#This Row],[Transport ]]/Tableau1[[#This Row],[Quantité unitaire/g ]] -> 4.5666667 | H52: 150 | I52: 150 | J52: =Tableau1[[#This Row],[Prix HT/kg- Birr]]/1000 -> 2.5 | K52: =(Tableau1[[#This Row],[Prix HT/birr unitaire]]/Tableau1[[#This Row],[Quantité unitaire/g ]])*1000 -> 2500 | L52: =(Tableau1[[#This Row],[Prix TTC/Birr unitaire ]]/Tableau1[[#This Row],[Quantité unitaire/g ]])*1000 -> 2500 | M52: =Tableau1[[#This Row],[Prix TTC/kg - Birr]]/1000 -> 2.5 | N52: =Tableau1[[#This Row],[Prix TTC/g - Birr]]+Tableau1[[#This Row],[Prix transport/g2]] -> 7.0666667
B53: Huile sesame | C53: Huiles | D53: 100 | E53: Ariti herbal | F53: 200 | G53: =Tableau1[[#This Row],[Transport ]]/Tableau1[[#This Row],[Quantité unitaire/g ]] -> 2 | H53: 35 | I53: 35 | J53: =Tableau1[[#This Row],[Prix HT/kg- Birr]]/1000 -> 0.35 | K53: =(Tableau1[[#This Row],[Prix HT/birr unitaire]]/Tableau1[[#This Row],[Quantité unitaire/g ]])*1000 -> 350 | L53: =(Tableau1[[#This Row],[Prix TTC/Birr unitaire ]]/Tableau1[[#This Row],[Quantité unitaire/g ]])*1000 -> 350 | M53: =Tableau1[[#This Row],[Prix TTC/kg - Birr]]/1000 -> 0.35 | N53: =Tableau1[[#This Row],[Prix TTC/g - Birr]]+Tableau1[[#This Row],[Prix transport/g2]] -> 2.35
B54: Huile de nigelle | C54: Huile | D54: 50 | E54: Hayat | G54: =Tableau1[[#This Row],[Transport ]]/Tableau1[[#This Row],[Quantité unitaire/g ]] -> 0 | H54: 85 | I54: 85 | J54: =Tableau1[[#This Row],[Prix HT/kg- Birr]]/1000 -> 1.7 | K54: =(Tableau1[[#This Row],[Prix HT/birr unitaire]]/Tableau1[[#This Row],[Quantité unitaire/g ]])*1000 -> 1700 | L54: =(Tableau1[[#This Row],[Prix TTC/Birr unitaire ]]/Tableau1[[#This Row],[Quantité unitaire/g ]])*1000 -> 1700 | M54: =Tableau1[[#This Row],[Prix TTC/kg - Birr]]/1000 -> 1.7 | N54: =Tableau1[[#This Row],[Prix TTC/g - Birr]]+Tableau1[[#This Row],[Prix transport/g2]] -> 1.7
B55: Huile de nigelle | C55: Huile | D55: 60 | E55: Aberra cosmetique | F55: 274 | G55: =Tableau1[[#This Row],[Transport ]]/Tableau1[[#This Row],[Quantité unitaire/g ]] -> 4.5666667 | H55: 150 | I55: 150 | J55: =Tableau1[[#This Row],[Prix HT/kg- Birr]]/1000 -> 2.5 | K55: =(Tableau1[[#This Row],[Prix HT/birr unitaire]]/Tableau1[[#This Row],[Quantité unitaire/g ]])*1000 -> 2500 | L55: =(Tableau1[[#This Row],[Prix TTC/Birr unitaire ]]/Tableau1[[#This Row],[Quantité unitaire/g ]])*1000 -> 2500 | M55: =Tableau1[[#This Row],[Prix TTC/kg - Birr]]/1000 -> 2.5 | N55: =Tableau1[[#This Row],[Prix TTC/g - Birr]]+Tableau1[[#This Row],[Prix transport/g2]] -> 7.0666667
B56: Huile de macadamia | C56: Huile | D56: 60 | E56: Aberra cosmetique | F56: 274 | G56: =Tableau1[[#This Row],[Transport ]]/Tableau1[[#This Row],[Quantité unitaire/g ]] -> 4.5666667 | H56: 150 | I56: 150 | J56: =Tableau1[[#This Row],[Prix HT/kg- Birr]]/1000 -> 2.5 | K56: =(Tableau1[[#This Row],[Prix HT/birr unitaire]]/Tableau1[[#This Row],[Quantité unitaire/g ]])*1000 -> 2500 | L56: =(Tableau1[[#This Row],[Prix TTC/Birr unitaire ]]/Tableau1[[#This Row],[Quantité unitaire/g ]])*1000 -> 2500 | M56: =Tableau1[[#This Row],[Prix TTC/kg - Birr]]/1000 -> 2.5 | N56: =Tableau1[[#This Row],[Prix TTC/g - Birr]]+Tableau1[[#This Row],[Prix transport/g2]] -> 7.0666667
B57: Huile de courge | C57: Huile | D57: 60 | E57: Aberra cosmetique | F57: 274 | G57: =Tableau1[[#This Row],[Transport ]]/Tableau1[[#This Row],[Quantité unitaire/g ]] -> 4.5666667 | H57: 150 | I57: 150 | J57: =Tableau1[[#This Row],[Prix HT/kg- Birr]]/1000 -> 2.5 | K57: =(Tableau1[[#This Row],[Prix HT/birr unitaire]]/Tableau1[[#This Row],[Quantité unitaire/g ]])*1000 -> 2500 | L57: =(Tableau1[[#This Row],[Prix TTC/Birr unitaire ]]/Tableau1[[#This Row],[Quantité unitaire/g ]])*1000 -> 2500 | M57: =Tableau1[[#This Row],[Prix TTC/kg - Birr]]/1000 -> 2.5 | N57: =Tableau1[[#This Row],[Prix TTC/g - Birr]]+Tableau1[[#This Row],[Prix transport/g2]] -> 7.0666667
B58: Huile d’avocat | C58: Huiles | D58: 100 | E58: ESB products | F58: 200 | G58: =Tableau1[[#This Row],[Transport ]]/Tableau1[[#This Row],[Quantité unitaire/g ]] -> 2 | H58: 217 | I58: 251 | J58: =Tableau1[[#This Row],[Prix HT/kg- Birr]]/1000 -> 2.17 | K58: =(Tableau1[[#This Row],[Prix HT/birr unitaire]]/Tableau1[[#This Row],[Quantité unitaire/g ]])*1000 -> 2170 | L58: =(Tableau1[[#This Row],[Prix TTC/Birr unitaire ]]/Tableau1[[#This Row],[Quantité unitaire/g ]])*1000 -> 2510 | M58: =Tableau1[[#This Row],[Prix TTC/kg - Birr]]/1000 -> 2.51 | N58: =Tableau1[[#This Row],[Prix TTC/g - Birr]]+Tableau1[[#This Row],[Prix transport/g2]] -> 4.51
B59: Huile d’aloè vera | C59: Huiles | D59: 100 | E59: ESB products | F59: 200 | G59: =Tableau1[[#This Row],[Transport ]]/Tableau1[[#This Row],[Quantité unitaire/g ]] -> 2 | H59: 217 | I59: 251 | J59: =Tableau1[[#This Row],[Prix HT/kg- Birr]]/1000 -> 2.17 | K59: =(Tableau1[[#This Row],[Prix HT/birr unitaire]]/Tableau1[[#This Row],[Quantité unitaire/g ]])*1000 -> 2170 | L59: =(Tableau1[[#This Row],[Prix TTC/Birr unitaire ]]/Tableau1[[#This Row],[Quantité unitaire/g ]])*1000 -> 2510 | M59: =Tableau1[[#This Row],[Prix TTC/kg - Birr]]/1000 -> 2.51 | N59: =Tableau1[[#This Row],[Prix TTC/g - Birr]]+Tableau1[[#This Row],[Prix transport/g2]] -> 4.51
B60: Huile d’olive | C60: Huiles | G60: 0 | J60: =Tableau1[[#This Row],[Prix HT/kg- Birr]]/1000 -> 0 | L60: =(Tableau1[[#This Row],[Prix TTC/Birr unitaire ]]/Tableau1[[#This Row],[Quantité unitaire/g ]])*1000 -> #DIV/0! | M60: =Tableau1[[#This Row],[Prix TTC/kg - Birr]]/1000 -> #DIV/0! | N60: =Tableau1[[#This Row],[Prix TTC/g - Birr]]+Tableau1[[#This Row],[Prix transport/g2]] -> #DIV/0!
B61: Beurre karité | C61: Huiles | D61: 200 | E61: ESB products | F61: 200 | G61: =Tableau1[[#This Row],[Transport ]]/Tableau1[[#This Row],[Quantité unitaire/g ]] -> 1 | H61: 382 | I61: 432 | J61: =Tableau1[[#This Row],[Prix HT/kg- Birr]]/1000 -> 1.91 | K61: =(Tableau1[[#This Row],[Prix HT/birr unitaire]]/Tableau1[[#This Row],[Quantité unitaire/g ]])*1000 -> 1910 | L61: =(Tableau1[[#This Row],[Prix TTC/Birr unitaire ]]/Tableau1[[#This Row],[Quantité unitaire/g ]])*1000 -> 2160 | M61: =Tableau1[[#This Row],[Prix TTC/kg - Birr]]/1000 -> 2.16 | N61: =Tableau1[[#This Row],[Prix TTC/g - Birr]]+Tableau1[[#This Row],[Prix transport/g2]] -> 3.16
B62: Eau de rose | C62: Hydrolat | D62: 100 | E62: Ariti herbal | F62: 200 | G62: =Tableau1[[#This Row],[Transport ]]/Tableau1[[#This Row],[Quantité unitaire/g ]] -> 2 | H62: 50 | I62: 50 | J62: =Tableau1[[#This Row],[Prix HT/kg- Birr]]/1000 -> 0.5 | K62: =(Tableau1[[#This Row],[Prix HT/birr unitaire]]/Tableau1[[#This Row],[Quantité unitaire/g ]])*1000 -> 500 | L62: =(Tableau1[[#This Row],[Prix TTC/Birr unitaire ]]/Tableau1[[#This Row],[Quantité unitaire/g ]])*1000 -> 500 | M62: =Tableau1[[#This Row],[Prix TTC/kg - Birr]]/1000 -> 0.5 | N62: =Tableau1[[#This Row],[Prix TTC/g - Birr]]+Tableau1[[#This Row],[Prix transport/g2]] -> 2.5
B63: Eau d’eucalyptus | C63: Hydrolat | D63: 20000 | E63: Ariti herbal | F63: 200 | G63: =Tableau1[[#This Row],[Transport ]]/Tableau1[[#This Row],[Quantité unitaire/g ]] -> 0.01 | H63: 276 | I63: 276 | J63: =Tableau1[[#This Row],[Prix HT/kg- Birr]]/1000 -> 0.0138 | K63: =(Tableau1[[#This Row],[Prix HT/birr unitaire]]/Tableau1[[#This Row],[Quantité unitaire/g ]])*1000 -> 13.8 | L63: =(Tableau1[[#This Row],[Prix TTC/Birr unitaire ]]/Tableau1[[#This Row],[Quantité unitaire/g ]])*1000 -> 13.8 | M63: =Tableau1[[#This Row],[Prix TTC/kg - Birr]]/1000 -> 0.0138 | N63: =Tableau1[[#This Row],[Prix TTC/g - Birr]]+Tableau1[[#This Row],[Prix transport/g2]] -> 0.0238
B64: Agar Agar | C64: Gélifiant | G64: 0 | J64: =Tableau1[[#This Row],[Prix HT/kg- Birr]]/1000 -> #DIV/0! | K64: =(Tableau1[[#This Row],[Prix HT/birr unitaire]]/Tableau1[[#This Row],[Quantité unitaire/g ]])*1000 -> #DIV/0! | L64: =(Tableau1[[#This Row],[Prix TTC/Birr unitaire ]]/Tableau1[[#This Row],[Quantité unitaire/g ]])*1000 -> #DIV/0! | M64: =Tableau1[[#This Row],[Prix TTC/kg - Birr]]/1000 -> #DIV/0! | N64: =Tableau1[[#This Row],[Prix TTC/g - Birr]]+Tableau1[[#This Row],[Prix transport/g2]] -> #DIV/0!
B65: Gélatine | C65: Gelifiant | G65: 0 | J65: =Tableau1[[#This Row],[Prix HT/kg- Birr]]/1000 -> #DIV/0! | K65: =(Tableau1[[#This Row],[Prix HT/birr unitaire]]/Tableau1[[#This Row],[Quantité unitaire/g ]])*1000 -> #DIV/0! | L65: =(Tableau1[[#This Row],[Prix TTC/Birr unitaire ]]/Tableau1[[#This Row],[Quantité unitaire/g ]])*1000 -> #DIV/0! | M65: =Tableau1[[#This Row],[Prix TTC/kg - Birr]]/1000 -> #DIV/0! | N65: =Tableau1[[#This Row],[Prix TTC/g - Birr]]+Tableau1[[#This Row],[Prix transport/g2]] -> #DIV/0!
B66: Eau minérale | C66: grande surface | D66: 5000 | E66: Avante | F66: 0 | G66: =Tableau1[[#This Row],[Transport ]]/Tableau1[[#This Row],[Quantité unitaire/g ]] -> 0 | H66: 45 | I66: 45 | J66: =Tableau1[[#This Row],[Prix HT/kg- Birr]]/1000 -> 0.009 | K66: =(Tableau1[[#This Row],[Prix HT/birr unitaire]]/Tableau1[[#This Row],[Quantité unitaire/g ]])*1000 -> 9 | L66: =(Tableau1[[#This Row],[Prix TTC/Birr unitaire ]]/Tableau1[[#This Row],[Quantité unitaire/g ]])*1000 -> 9 | M66: =Tableau1[[#This Row],[Prix TTC/kg - Birr]]/1000 -> 0.009 | N66: =Tableau1[[#This Row],[Prix TTC/g - Birr]]+Tableau1[[#This Row],[Prix transport/g2]] -> 0.009
B67: Fécule de pomme de terre/corn stach | C67: Grande surface | D67: 0 | F67: 0 | G67: 0 | H67: =Tableau1[[#This Row],[Prix HT/kg- Birr]]*Tableau1[[#This Row],[Quantité unitaire/g ]] -> 0 | I67: =Tableau1[[#This Row],[Prix HT/birr unitaire]]+((Tableau1[[#This Row],[Prix HT/birr unitaire]])*(15/100)) -> 0 | J67: =Tableau1[[#This Row],[Prix HT/kg- Birr]]/1000 -> 0.065 | K67: =(Tableau1[[#This Row],[Prix HT/birr unitaire]]/Tableau1[[#This Row],[Quantité unitaire/g ]])*1000 -> 65 | L67: =(Tableau1[[#This Row],[Prix TTC/Birr unitaire ]]/Tableau1[[#This Row],[Quantité unitaire/g ]])*1000 -> 74.75 | M67: =Tableau1[[#This Row],[Prix TTC/kg - Birr]]/1000 -> 0 | N67: =Tableau1[[#This Row],[Prix TTC/g - Birr]]+Tableau1[[#This Row],[Prix transport/g2]] -> 0
B68: Cendre de bois | D68: 0 | F68: 0 | G68: 0 | H68: 0 | I68: 0 | J68: =Tableau1[[#This Row],[Prix HT/kg- Birr]]/1000 -> #DIV/0! | K68: =(Tableau1[[#This Row],[Prix HT/birr unitaire]]/Tableau1[[#This Row],[Quantité unitaire/g ]])*1000 -> #DIV/0! | L68: =(Tableau1[[#This Row],[Prix TTC/Birr unitaire ]]/Tableau1[[#This Row],[Quantité unitaire/g ]])*1000 -> #DIV/0! | M68: =Tableau1[[#This Row],[Prix TTC/kg - Birr]]/1000 -> #DIV/0! | N68: =Tableau1[[#This Row],[Prix TTC/g - Birr]]+Tableau1[[#This Row],[Prix transport/g2]] -> #DIV/0!
B69: Zestes agrumes | C69: Grande surface | D69: 0 | F69: 0 | G69: 0 | H69: 0 | I69: 0 | J69: =Tableau1[[#This Row],[Prix HT/kg- Birr]]/1000 -> #DIV/0! | K69: =(Tableau1[[#This Row],[Prix HT/birr unitaire]]/Tableau1[[#This Row],[Quantité unitaire/g ]])*1000 -> #DIV/0! | L69: =(Tableau1[[#This Row],[Prix TTC/Birr unitaire ]]/Tableau1[[#This Row],[Quantité unitaire/g ]])*1000 -> #DIV/0! | M69: =Tableau1[[#This Row],[Prix TTC/kg - Birr]]/1000 -> #DIV/0! | N69: =Tableau1[[#This Row],[Prix TTC/g - Birr]]+Tableau1[[#This Row],[Prix transport/g2]] -> #DIV/0!
B70: Gros sel | C70: grande surface | D70: 1000 | E70: Novis | F70: 244 | G70: =Tableau1[[#This Row],[Transport ]]/Tableau1[[#This Row],[Quantité unitaire/g ]] -> 0.244 | H70: 34.78 | I70: 34.78 | J70: =Tableau1[[#This Row],[Prix HT/kg- Birr]]/1000 -> 0.03478 | K70: =(Tableau1[[#This Row],[Prix HT/birr unitaire]]/Tableau1[[#This Row],[Quantité unitaire/g ]])*1000 -> 34.78 | L70: =(Tableau1[[#This Row],[Prix TTC/Birr unitaire ]]/Tableau1[[#This Row],[Quantité unitaire/g ]])*1000 -> 34.78 | M70: =Tableau1[[#This Row],[Prix TTC/kg - Birr]]/1000 -> 0.03478 | N70: =Tableau1[[#This Row],[Prix TTC/g - Birr]]+Tableau1[[#This Row],[Prix transport/g2]] -> 0.27878
B71: Eau demineralisée | C71: Pharmacie | D71: 0 | F71: 0 | G71: 0 | H71: 0 | I71: 0 | J71: =Tableau1[[#This Row],[Prix HT/kg- Birr]]/1000 -> #DIV/0! | K71: =(Tableau1[[#This Row],[Prix HT/birr unitaire]]/Tableau1[[#This Row],[Quantité unitaire/g ]])*1000 -> #DIV/0! | L71: =(Tableau1[[#This Row],[Prix TTC/Birr unitaire ]]/Tableau1[[#This Row],[Quantité unitaire/g ]])*1000 -> #DIV/0! | M71: =Tableau1[[#This Row],[Prix TTC/kg - Birr]]/1000 -> #DIV/0! | N71: =Tableau1[[#This Row],[Prix TTC/g - Birr]]+Tableau1[[#This Row],[Prix transport/g2]] -> #DIV/0!
B81: Ustensiles | C81: Quantité | D81: Prix TTC/€ | E81: Prix TTC/Birr | G81: Aménagement atelier | H81: Quantité | I81: Prix TTC/birr
B82: Table a tawashi | G82: Table de travail | H82: 1
B83: Tabliers | G83: Abats jours lampe
B84: 1 balance 0,01g | C84: 1 | D84: 11.99 | E84: =D84*47.98 -> 575.2802 | G84: Tabourets hauts | H84: 3
B85: Balance 0,1g | C85: 1 | D85: 9.99 | E85: =D85*47.98 -> 479.3202 | G85: Peinture
B86: Flacons vaporisateurs | C86: 5 | D86: 12.99 | E86: =D86*47.98 -> 623.2602 | G86: Paniers rangement
B87: Pots cosmétiques alu | C87: 40 | D87: 15.99 | E87: =D87*47.98 -> 767.2002 | G87: Boîtes plastiques outils
B88: Coupelles pesées inox | C88: 2 | D88: 6.4 | E88: =D88*47.98 -> 307.072 | G88: Total | I88: =SUBTOTAL(103,Tableau10[Prix TTC/birr]) -> 0
B89: Cuillères d’osseuses 2ml | C89: 6 | D89: 1.2 | E89: =D89*47.98 -> 57.576
B90: Pipettes poires 3ml | C90: 10 | D90: 0.8 | E90: =D90*47.98 -> 38.384
B91: Bandelettes PH | C91: 50 | D91: 2.9 | E91: =D91*47.98 -> 139.142
B92: Mini fouet inox | C92: 5 | D92: 4 | E92: =D92*47.98 -> 191.92
B93: Mini spatule inox | C93: 3 | D93: 5.7 | E93: =D93*47.98 -> 273.486
B94: Bescher 500 ml | C94: 2 | D94: 3.4 | E94: =D94*47.98 -> 163.132
B95: Bêcher 2l | C95: 2 | D95: 7.8 | E95: =D95*47.98 -> 374.244
B96: Bêcher 100 ml | C96: 2 | D96: 1 | E96: =D96*47.98 -> 47.98
B97: Pelle mesure 5ml | C97: 6 | D97: 2.7 | E97: =D97*47.98 -> 129.546
B98: Plaques chauffantes | C98: 2 | E98: =D98*47.98 -> 0
B99: Casseroles inox | C99: 4 | E99: =D99*47.98 -> 0
B100: Bol inox petit contenance | C100: 4 | E100: =D100*47.98 -> 0
B101: Saladier en verre | C101: 4 | E101: =D101*47.98 -> 0
B102: Bols en verre | C102: 4 | E102: =D102*47.98 -> 0
B103: Bol inox grande contenance | C103: 4 | E103: =D103*47.98 -> 0
B104: Sceaux plastiques | C104: 2 | E104: =D104*47.98 -> 0
B105: Cuillères en bois | C105: 5 | E105: =D105*47.98 -> 0
B106: Marise caoutchouc | C106: 5 | E106: =D106*47.98 -> 0
B107: Masques protection | C107: 50 | E107: =D107*47.98 -> 0
B108: Lunettes protection | C108: 50 | E108: =D108*47.98 -> 0
B109: Gants de protection | C109: 50 | E109: =D109*47.98 -> 0
B110: Total | E110: =SUBTOTAL(109,Tableau5[Prix TTC/Birr ]) -> 4167.5428

Sheet Atelier linge
B2: Atelier Linge
C4: Coûts des materiaux | D4: Salaire | E4: Charge
C5: =SUM(#REF!,Tableau426[[#Totals],[Total]],Tableau4727[[#Totals],[Total]],Tableau928[[#Totals],[Total]]) -> #REF! | D5: =Tableau1730[[#Totals],[Total]] -> 0 | E5: =Tableau1329[[#Totals],[Total]] -> 0
C6: Total | E6: =SUM(Tableau2331[Coûts des materiaux],Tableau2331[Salaire],Tableau2331[Charge]) -> #REF!
C17: Lessives- 1L | H17: Adoucissant - 1L | N17: Parfum de linge- 25 ml
B20: Matériaux | C20: Provenance | D20: Quantité/g ou ml | E20: Prix TTC/g ou ml | F20: Total | H20: Materiaux | I20: Quantité/g ou ml | J20: Prix TTC/ g et ml | K20: Total | N20: Materiaux | O20: Quantité/g ou ml | P20: Prix TTC/ g et ml | Q20: Total
B21: Acide citrique | C21: Jigra | E21: =Matériaux!N18 -> 0.07788 | F21: =Tableau7[[#This Row],[Quantité/g ou ml]]*Tableau7[[#This Row],[Prix TTC/g ou ml]] -> 0 | H21: Acide citrique | I21: 0 | J21: =Matériaux!M18 -> 0.069 | K21: =Tableau426[[#This Row],[Prix TTC/ g et ml]]*Tableau426[[#This Row],[Quantité/g ou ml]] -> 0 | N21: Acide citrique | O21: 0 | P21: =Matériaux!M18 -> 0.069 | Q21: =Tableau4727[[#This Row],[Prix TTC/ g et ml]]*Tableau4727[[#This Row],[Quantité/g ou ml]] -> 0
B22: Bicarbonate de soude | C22: Jigra | E22: =Matériaux!N19 -> 0.04338 | F22: =Tableau7[[#This Row],[Quantité/g ou ml]]*Tableau7[[#This Row],[Prix TTC/g ou ml]] -> 0 | H22: Bicarbonate de soude | I22: 0 | J22: =Matériaux!M19 -> 0.0345 | K22: =Tableau426[[#This Row],[Prix TTC/ g et ml]]*Tableau426[[#This Row],[Quantité/g ou ml]] -> 0 | N22: Bicarbonate de soude | O22: 0 | P22: =Matériaux!M19 -> 0.0345 | Q22: =Tableau4727[[#This Row],[Prix TTC/ g et ml]]*Tableau4727[[#This Row],[Quantité/g ou ml]] -> 0
B23: Cristaux de soude | C23: Jigra | E23: =Matériaux!N20 -> 0.04005 | F23: =Tableau7[[#This Row],[Quantité/g ou ml]]*Tableau7[[#This Row],[Prix TTC/g ou ml]] -> 0 | H23: Cristaux de soude | I23: 0 | J23: =Matériaux!M20 -> 0.0345 | K23: =Tableau426[[#This Row],[Prix TTC/ g et ml]]*Tableau426[[#This Row],[Quantité/g ou ml]] -> 0 | N23: Cristaux de soude | O23: 0 | P23: =Matériaux!M20 -> 0.0345 | Q23: =Tableau4727[[#This Row],[Prix TTC/ g et ml]]*Tableau4727[[#This Row],[Quantité/g ou ml]] -> 0
B24: Hydroxyde de sodium | E24: 0 | F24: 0 | H24: Percarbonate de soude | I24: 0 | J24: =Matériaux!M23 -> 0.0391 | K24: =Tableau426[[#This Row],[Prix TTC/ g et ml]]*Tableau426[[#This Row],[Quantité/g ou ml]] -> 0 | N24: Percarbonate de soude | O24: 0 | P24: =Matériaux!M23 -> 0.0391 | Q24: =Tableau4727[[#This Row],[Prix TTC/ g et ml]]*Tableau4727[[#This Row],[Quantité/g ou ml]] -> 0
B25: Soude caustique | C25: Jigra | E25: =Matériaux!N22 -> 0.06408 | F25: =Tableau7[[#This Row],[Quantité/g ou ml]]*Tableau7[[#This Row],[Prix TTC/g ou ml]] -> 0 | H25: Vinaigre blanc | I25: 300 | J25: =Matériaux!M24 -> 0.0206 | K25: =Tableau426[[#This Row],[Prix TTC/ g et ml]]*Tableau426[[#This Row],[Quantité/g ou ml]] -> 6.18 | N25: Vinaigre blanc | O25: 0 | P25: =Matériaux!M24 -> 0.0206 | Q25: =Tableau4727[[#This Row],[Prix TTC/ g et ml]]*Tableau4727[[#This Row],[Quantité/g ou ml]] -> 0
B26: Percarbonate de soude | C26: Jigra | E26: =Matériaux!N23 -> 0.04798 | F26: =Tableau7[[#This Row],[Quantité/g ou ml]]*Tableau7[[#This Row],[Prix TTC/g ou ml]] -> 0 | H26: Alcool denaturé | I26: 0 | J26: =Matériaux!M25 -> 0.175 | K26: =Tableau426[[#This Row],[Prix TTC/ g et ml]]*Tableau426[[#This Row],[Quantité/g ou ml]] -> 0 | N26: Alcool denaturé | O26: 0 | P26: =Matériaux!M25 -> 0.175 | Q26: =Tableau4727[[#This Row],[Prix TTC/ g et ml]]*Tableau4727[[#This Row],[Quantité/g ou ml]] -> 0
B27: Vinaigre blanc | C27: Bambis | E27: =Matériaux!N24 -> 0.5026 | F27: =Tableau7[[#This Row],[Quantité/g ou ml]]*Tableau7[[#This Row],[Prix TTC/g ou ml]] -> 0 | H27: Huile de lin | I27: 0 | J27: =Matériaux!#REF! -> #REF! | K27: =Tableau426[[#This Row],[Prix TTC/ g et ml]]*Tableau426[[#This Row],[Quantité/g ou ml]] -> #REF! | N27: Huile de lin | O27: 0 | P27: =Matériaux!#REF! -> #REF! | Q27: =Tableau4727[[#This Row],[Prix TTC/ g et ml]]*Tableau4727[[#This Row],[Quantité/g ou ml]] -> #REF!
B28: Alcool denaturé | C28: Bambis | E28: =Matériaux!N25 -> 0.416 | F28: =Tableau7[[#This Row],[Quantité/g ou ml]]*Tableau7[[#This Row],[Prix TTC/g ou ml]] -> 0 | H28: Terebentine | I28: 0 | J28: =Matériaux!M28 -> 0 | K28: =Tableau426[[#This Row],[Prix TTC/ g et ml]]*Tableau426[[#This Row],[Quantité/g ou ml]] -> 0 | N28: Terebentine | O28: 0 | P28: =Matériaux!M28 -> 0 | Q28: =Tableau4727[[#This Row],[Prix TTC/ g et ml]]*Tableau4727[[#This Row],[Quantité/g ou ml]] -> 0
B29: Alcool modifié/vodka | E29: =Matériaux!N26 -> 0 | F29: =Tableau7[[#This Row],[Quantité/g ou ml]]*Tableau7[[#This Row],[Prix TTC/g ou ml]] -> 0 | H29: Cire d’abeille | I29: 0 | J29: =Matériaux!M45 -> 0.275 | K29: =Tableau426[[#This Row],[Prix TTC/ g et ml]]*Tableau426[[#This Row],[Quantité/g ou ml]] -> 0 | N29: Cire d’abeille | O29: 0 | P29: =Matériaux!M45 -> 0.275 | Q29: =Tableau4727[[#This Row],[Prix TTC/ g et ml]]*Tableau4727[[#This Row],[Quantité/g ou ml]] -> 0
B30: Alcool a 70 °C | E30: 0 | F30: 0 | H30: Alcool modifié/vodka | I30: 0 | J30: =Matériaux!M26 -> 0 | K30: =Tableau426[[#This Row],[Prix TTC/ g et ml]]*Tableau426[[#This Row],[Quantité/g ou ml]] -> 0 | N30: Alcool modifié/vodka | O30: 50 | P30: =Matériaux!M26 -> 0 | Q30: =Tableau4727[[#This Row],[Prix TTC/ g et ml]]*Tableau4727[[#This Row],[Quantité/g ou ml]] -> 0
B31: Terebentine | E31: =Matériaux!N28 -> 0 | F31: =Tableau7[[#This Row],[Quantité/g ou ml]]*Tableau7[[#This Row],[Prix TTC/g ou ml]] -> 0 | H31: HE tea tree | I31: 0 | J31: =Matériaux!M29 -> 0 | K31: =Tableau426[[#This Row],[Prix TTC/ g et ml]]*Tableau426[[#This Row],[Quantité/g ou ml]] -> 0 | N31: HE tea tree | O31: 0.2 | P31: =Matériaux!M29 -> 0 | Q31: =Tableau4727[[#This Row],[Prix TTC/ g et ml]]*Tableau4727[[#This Row],[Quantité/g ou ml]] -> 0
B32: HÉ Thym | C32: Ariti herbal | E32: 0 | F32: 0 | H32: HÉ Palmarosa | I32: 0 | J32: =Matériaux!M30 -> 1.8 | K32: =Tableau426[[#This Row],[Prix TTC/ g et ml]]*Tableau426[[#This Row],[Quantité/g ou ml]] -> 0 | N32: HÉ Palmarosa | O32: 0 | P32: =Matériaux!M30 -> 1.8 | Q32: =Tableau4727[[#This Row],[Prix TTC/ g et ml]]*Tableau4727[[#This Row],[Quantité/g ou ml]] -> 0
B33: HÉ citron | C33: Damascène essential oil | E33: =Matériaux!N30 -> 1.8 | F33: =Tableau7[[#This Row],[Quantité/g ou ml]]*Tableau7[[#This Row],[Prix TTC/g ou ml]] -> 0 | H33: HÉ Thym | I33: 0 | J33: =Matériaux!M31 -> 1.8 | K33: =Tableau426[[#This Row],[Prix TTC/ g et ml]]*Tableau426[[#This Row],[Quantité/g ou ml]] -> 0 | N33: HÉ Thym | O33: 0 | P33: =Matériaux!M31 -> 1.8 | Q33: =Tableau4727[[#This Row],[Prix TTC/ g et ml]]*Tableau4727[[#This Row],[Quantité/g ou ml]] -> 0
B34: HÉ orange | C34: Damascène essential oil | E34: =Matériaux!N31 -> 1.8 | F34: =Tableau7[[#This Row],[Quantité/g ou ml]]*Tableau7[[#This Row],[Prix TTC/g ou ml]] -> 0 | H34: HÉ eucalyptus | I34: 0 | J34: =Matériaux!M32 -> 1.8 | K34: =Tableau426[[#This Row],[Prix TTC/ g et ml]]*Tableau426[[#This Row],[Quantité/g ou ml]] -> 0 | N34: HÉ eucalyptus | O34: 0 | P34: =Matériaux!M32 -> 1.8 | Q34: =Tableau4727[[#This Row],[Prix TTC/ g et ml]]*Tableau4727[[#This Row],[Quantité/g ou ml]] -> 0
B35: HÉ Romarin | C35: Damascène essential oil | E35: =Matériaux!N32 -> 1.8 | F35: =Tableau7[[#This Row],[Quantité/g ou ml]]*Tableau7[[#This Row],[Prix TTC/g ou ml]] -> 0 | H35: HÉ citron | I35: 0 | J35: =Matériaux!M34 -> 1.8 | K35: =Tableau426[[#This Row],[Prix TTC/ g et ml]]*Tableau426[[#This Row],[Quantité/g ou ml]] -> 0 | N35: HÉ citron | O35: 0 | P35: =Matériaux!M34 -> 1.8 | Q35: =Tableau4727[[#This Row],[Prix TTC/ g et ml]]*Tableau4727[[#This Row],[Quantité/g ou ml]] -> 0
B36: HÉ lemongrass | C36: Damascène essential oil | E36: =Matériaux!N33 -> 1.8 | F36: =Tableau7[[#This Row],[Quantité/g ou ml]]*Tableau7[[#This Row],[Prix TTC/g ou ml]] -> 0 | H36: HÉ orange | I36: 0 | J36: =Matériaux!M35 -> 1.8 | K36: =Tableau426[[#This Row],[Prix TTC/ g et ml]]*Tableau426[[#This Row],[Quantité/g ou ml]] -> 0 | N36: HÉ orange | O36: 3 | P36: =Matériaux!M35 -> 1.8 | Q36: =Tableau4727[[#This Row],[Prix TTC/ g et ml]]*Tableau4727[[#This Row],[Quantité/g ou ml]] -> 5.4
B37: HÉ eucalyptus | C37: Damascène essential oil | E37: =Matériaux!N34 -> 1.8 | F37: =Tableau7[[#This Row],[Quantité/g ou ml]]*Tableau7[[#This Row],[Prix TTC/g ou ml]] -> 0 | H37: Gomme de guar | I37: 0 | J37: =Matériaux!#REF! -> #REF! | K37: =Tableau426[[#This Row],[Prix TTC/ g et ml]]*Tableau426[[#This Row],[Quantité/g ou ml]] -> #REF! | N37: Gomme de guar | O37: 0 | P37: =Matériaux!#REF! -> #REF! | Q37: =Tableau4727[[#This Row],[Prix TTC/ g et ml]]*Tableau4727[[#This Row],[Quantité/g ou ml]] -> #REF!
B38: HÉ orange | C38: Damascène essential oil | E38: =Matériaux!N35 -> 1.8 | F38: =Tableau7[[#This Row],[Quantité/g ou ml]]*Tableau7[[#This Row],[Prix TTC/g ou ml]] -> 0 | H38: Eau minérale | I38: 600 | J38: =Matériaux!M66 -> 0.009 | K38: =Tableau426[[#This Row],[Prix TTC/ g et ml]]*Tableau426[[#This Row],[Quantité/g ou ml]] -> 5.4 | N38: Eau minérale | O38: 25 | P38: =Matériaux!M66 -> 0.009 | Q38: =Tableau4727[[#This Row],[Prix TTC/ g et ml]]*Tableau4727[[#This Row],[Quantité/g ou ml]] -> 0.225
B39: HÉ eucalyptus | C39: Ariti herbal | E39: =Matériaux!N36 -> 3.1 | F39: =Tableau7[[#This Row],[Quantité/g ou ml]]*Tableau7[[#This Row],[Prix TTC/g ou ml]] -> 0 | H39: Fécule de pomme de terre/corn stach | I39: 0 | J39: =Matériaux!M67 -> 0 | K39: =Tableau426[[#This Row],[Prix TTC/ g et ml]]*Tableau426[[#This Row],[Quantité/g ou ml]] -> 0 | N39: Fécule de pomme de terre/corn stach | O39: 0 | P39: =Matériaux!M67 -> 0 | Q39: =Tableau4727[[#This Row],[Prix TTC/ g et ml]]*Tableau4727[[#This Row],[Quantité/g ou ml]] -> 0
B40: HÉ eucalyptus | C40: Aberra cosmetique | E40: =Matériaux!N37 -> 15.8 | F40: =Tableau7[[#This Row],[Quantité/g ou ml]]*Tableau7[[#This Row],[Prix TTC/g ou ml]] -> 0 | H40: Alcool a 70°C | J40: =Matériaux!M27 -> #DIV/0! | K40: =Tableau426[[#This Row],[Prix TTC/ g et ml]]*Tableau426[[#This Row],[Quantité/g ou ml]] -> #DIV/0! | N40: Alcool a 70°C | P40: =Matériaux!M27 -> #DIV/0! | Q40: =Tableau4727[[#This Row],[Prix TTC/ g et ml]]*Tableau4727[[#This Row],[Quantité/g ou ml]] -> #DIV/0!
B41: HÉ orange | C41: Aberra cosmetique | E41: =Matériaux!N38 -> 19.133333 | F41: =Tableau7[[#This Row],[Quantité/g ou ml]]*Tableau7[[#This Row],[Prix TTC/g ou ml]] -> 0 | H41: Cendré de bois | J41: =Matériaux!P57 -> 0 | K41: =Tableau426[[#This Row],[Prix TTC/ g et ml]]*Tableau426[[#This Row],[Quantité/g ou ml]] -> 0 | N41: Cendré de bois | P41: =Matériaux!M68 -> #DIV/0! | Q41: =Tableau4727[[#This Row],[Prix TTC/ g et ml]]*Tableau4727[[#This Row],[Quantité/g ou ml]] -> #DIV/0!
B42: HÉ lemongrass | C42: Aberra cosmetique | E42: =Matériaux!N39 -> 20.8 | F42: =Tableau7[[#This Row],[Quantité/g ou ml]]*Tableau7[[#This Row],[Prix TTC/g ou ml]] -> 0 | H42: Zestes d’agrumes | J42: =Matériaux!P57 -> 0 | K42: =Tableau426[[#This Row],[Prix TTC/ g et ml]]*Tableau426[[#This Row],[Quantité/g ou ml]] -> 0 | N42: Zestes d’agrumes | P42: =Matériaux!M69 -> #DIV/0! | Q42: =Tableau4727[[#This Row],[Prix TTC/ g et ml]]*Tableau4727[[#This Row],[Quantité/g ou ml]] -> #DIV/0!
B43: HÉ franckincense | C43: Aberra cosmetique | E43: =Matériaux!N40 -> 22.466667 | F43: =Tableau7[[#This Row],[Quantité/g ou ml]]*Tableau7[[#This Row],[Prix TTC/g ou ml]] -> 0 | H43: Total | K43: =SUBTOTAL(109,Tableau426[Total]) -> #REF! | N43: Total | Q43: =SUBTOTAL(109,Tableau4727[Total]) -> #REF!
B44: HÉ Romarin | C44: Aberra cosmetique | E44: =Matériaux!N41 -> 27.466667 | F44: =Tableau7[[#This Row],[Quantité/g ou ml]]*Tableau7[[#This Row],[Prix TTC/g ou ml]] -> 0
B45: HÉ franckincense | C45: Ariti herbal | E45: =Matériaux!N42 -> 20 | F45: =Tableau7[[#This Row],[Quantité/g ou ml]]*Tableau7[[#This Row],[Prix TTC/g ou ml]] -> 0
B46: HÉ Palmarosa | C46: Ariti herbal | E46: =Matériaux!N43 -> 22.5 | F46: =Tableau7[[#This Row],[Quantité/g ou ml]]*Tableau7[[#This Row],[Prix TTC/g ou ml]] -> 0
B47: HE tea tree | C47: Aberra cosmetique | E47: 0 | F47: 0
B48: Cire d’abeille | C48: Ellelan | E48: =Matériaux!N45 -> 0.275 | F48: =Tableau7[[#This Row],[Quantité/g ou ml]]*Tableau7[[#This Row],[Prix TTC/g ou ml]] -> 0
B49: Huile de ricin | C49: Aberra cosmetique | E49: =Matériaux!N46 -> 2.5 | F49: =Tableau7[[#This Row],[Quantité/g ou ml]]*Tableau7[[#This Row],[Prix TTC/g ou ml]] -> 0
B50: Huile ricin | C50: ESB products | E50: =Matériaux!N47 -> 4.51 | F50: =Tableau7[[#This Row],[Quantité/g ou ml]]*Tableau7[[#This Row],[Prix TTC/g ou ml]] -> 0
B51: Huile de coco | C51: ESB products | E51: =Matériaux!N48 -> 1.9608696 | F51: =Tableau7[[#This Row],[Quantité/g ou ml]]*Tableau7[[#This Row],[Prix TTC/g ou ml]] -> 0
B52: Huile de coco | E52: 0 | F52: 0
B53: Hui de lin | C53: Ariti herbal | E53: =Matériaux!N50 -> 1.35 | F53: =Tableau7[[#This Row],[Quantité/g ou ml]]*Tableau7[[#This Row],[Prix TTC/g ou ml]] -> 0
B54: Huile Moringa | C54: Ariti herbal | E54: =Matériaux!N51 -> 4.7 | F54: =Tableau7[[#This Row],[Quantité/g ou ml]]*Tableau7[[#This Row],[Prix TTC/g ou ml]] -> 0
B55: Huile Moringa | C55: Aberra cosmetique | E55: =Matériaux!N52 -> 7.0666667 | F55: =Tableau7[[#This Row],[Quantité/g ou ml]]*Tableau7[[#This Row],[Prix TTC/g ou ml]] -> 0
B56: Huile sesame | C56: Ariti herbal | E56: =Matériaux!N53 -> 2.35 | F56: =Tableau7[[#This Row],[Quantité/g ou ml]]*Tableau7[[#This Row],[Prix TTC/g ou ml]] -> 0
B57: Huile de nigelle | C57: Hayat | E57: =Matériaux!N54 -> 1.7 | F57: =Tableau7[[#This Row],[Quantité/g ou ml]]*Tableau7[[#This Row],[Prix TTC/g ou ml]] -> 0
B58: Huile de nigelle | C58: Aberra cosmetique | E58: =Matériaux!N55 -> 7.0666667 | F58: =Tableau7[[#This Row],[Quantité/g ou ml]]*Tableau7[[#This Row],[Prix TTC/g ou ml]] -> 0
B59: Huile de macadamia | C59: Aberra cosmetique | E59: =Matériaux!N56 -> 7.0666667 | F59: =Tableau7[[#This Row],[Quantité/g ou ml]]*Tableau7[[#This Row],[Prix TTC/g ou ml]] -> 0
B60: Huile de courge | C60: Aberra cosmetique | E60: =Matériaux!N57 -> 7.0666667 | F60: =Tableau7[[#This Row],[Quantité/g ou ml]]*Tableau7[[#This Row],[Prix TTC/g ou ml]] -> 0
B61: Huile d’avocat | C61: ESB products | E61: =Matériaux!N58 -> 4.51 | F61: =Tableau7[[#This Row],[Quantité/g ou ml]]*Tableau7[[#This Row],[Prix TTC/g ou ml]] -> 0
B62: Huile d’aloè vera | C62: ESB products | E62: =Matériaux!N59 -> 4.51 | F62: =Tableau7[[#This Row],[Quantité/g ou ml]]*Tableau7[[#This Row],[Prix TTC/g ou ml]] -> 0
B63: Huile d’olive | E63: 0 | F63: 0
B64: Beurre karité | C64: ESB products | E64: =Matériaux!N61 -> 3.16 | F64: =Tableau7[[#This Row],[Quantité/g ou ml]]*Tableau7[[#This Row],[Prix TTC/g ou ml]] -> 0
B65: Eau de rose | C65: Ariti herbal | E65: =Matériaux!N62 -> 2.5 | F65: =Tableau7[[#This Row],[Quantité/g ou ml]]*Tableau7[[#This Row],[Prix TTC/g ou ml]] -> 0
B66: Eau d’eucalyptus | C66: Ariti herbal | E66: =Matériaux!N63 -> 0.0238 | F66: =Tableau7[[#This Row],[Quantité/g ou ml]]*Tableau7[[#This Row],[Prix TTC/g ou ml]] -> 0
B67: Agar Agar | E67: 0 | F67: 0
B68: Gélatine | E68: 0 | F68: 0
B69: Eau minérale | C69: Avante | D69: 2000 | E69: =Matériaux!N66 -> 0.009 | F69: =Tableau7[[#This Row],[Quantité/g ou ml]]*Tableau7[[#This Row],[Prix TTC/g ou ml]] -> 18
B70: Fécule de pomme de terre/corn stach | E70: =Matériaux!N67 -> 0 | F70: =Tableau7[[#This Row],[Quantité/g ou ml]]*Tableau7[[#This Row],[Prix TTC/g ou ml]] -> 0
B71: Cendre de bois | D71: 300 | E71: 0 | F71: 0
B72: Zestes agrumes | E72: 0 | F72: 0
B73: Gros sel | C73: Novis | E73: =Matériaux!N70 -> 0.27878 | F73: =Tableau7[[#This Row],[Quantité/g ou ml]]*Tableau7[[#This Row],[Prix TTC/g ou ml]] -> 0
B74: Eau demineralisée | E74: 0 | F74: 0
E75: =Matériaux!N72 -> 0 | F75: =Tableau7[[#This Row],[Quantité/g ou ml]]*Tableau7[[#This Row],[Prix TTC/g ou ml]] -> 0
B88: Materiel | C88: Quantité | D88: Prix à l’unité | E88: Total
B89: Fiches recette - impression
B90: Étiquettes
B91: Total | E91: =SUBTOTAL(109,Tableau928[Total]) -> 0
B93: Salaire | C93: Coût horaire | D93: Nombre d’heure | E93: Total
B94: Heure préparation
B95: Heure d’ateliers
B96: Total | E96: =SUBTOTAL(109,Tableau1730[Total]) -> 0
B99: Charges | C99: Coût | D99: Nombre de participant | E99: Total
B100: Location salle
B101: Electricité
B102: Déplacement
B103: Total | E103: =SUBTOTAL(109,Tableau1329[Total]) -> 0

Sheet Atelier cuisine 
B2: Atelier cuisine
C4: Colonne1 | D4: Coûts des materiaux | E4: Salaire | F4: Charge
D5: =SUM(Tableau332[[#Totals],[Total]],Tableau433[[#Totals],[Total]],Tableau4734[[#Totals],[Total]],Tableau935[[#Totals],[Total]]) -> #REF! | E5: =Tableau1737[[#Totals],[Total]] -> 0 | F5: =Tableau1336[[#Totals],[Total]] -> 0
D6: Total | F6: =SUM(Tableau2338[Coûts des materiaux],Tableau2338[Salaire],Tableau2338[Charge]) -> #REF!
C17: Crème vaisselle sans sulfates | F17: Ou | H17: Cake vaisselle sans sulfates - 100ml | N17: Pastilles lave vaisselle | R17: Ou | T17: Nettoyant multisurface- 1L
B20: Materiaux | C20: Quantité/g ou ml | D20: Prix TTC/g et ml | E20: Total | G20: Materiaux | H20: Quantité/g ou ml | I20: Prix TTC/ g et ml | J20: Total | M20: Materiaux | N20: Quantité/g ou ml | O20: Prix TTC/ g et ml | P20: Total | S20: Je suis
B21: Acide citrique | C21: 0 | D21: =Matériaux!M18 -> 0.069 | E21: =Tableau332[[#This Row],[Quantité/g ou ml]]*Tableau332[[#This Row],[Prix TTC/g et ml]] -> 0 | G21: Acide citrique | H21: 0 | I21: =Matériaux!M18 -> 0.069 | J21: =Tableau433[[#This Row],[Prix TTC/ g et ml]]*Tableau433[[#This Row],[Quantité/g ou ml]] -> 0 | M21: Acide citrique | N21: 110 | O21: =Matériaux!Q18 -> 0 | P21: =Matériaux!M18 -> 0.069
B22: Bicarbonate de soude | C22: 0 | D22: =Matériaux!M19 -> 0.0345 | E22: =Tableau332[[#This Row],[Quantité/g ou ml]]*Tableau332[[#This Row],[Prix TTC/g et ml]] -> 0 | G22: Bicarbonate de soude | H22: 6 | I22: =Matériaux!M19 -> 0.0345 | J22: =Tableau433[[#This Row],[Prix TTC/ g et ml]]*Tableau433[[#This Row],[Quantité/g ou ml]] -> 0.207 | M22: Bicarbonate de soude | N22: 170 | O22: =Matériaux!Q19 -> 0 | P22: =Matériaux!M19 -> 0.0345
B23: Cristaux de soude | C23: 0 | D23: =Matériaux!M20 -> 0.0345 | E23: =Tableau332[[#This Row],[Quantité/g ou ml]]*Tableau332[[#This Row],[Prix TTC/g et ml]] -> 0 | G23: Cristaux de soude | H23: 4 | I23: =Matériaux!M20 -> 0.0345 | J23: =Tableau433[[#This Row],[Prix TTC/ g et ml]]*Tableau433[[#This Row],[Quantité/g ou ml]] -> 0.138 | M23: Cristaux de soude | N23: 110 | O23: =Matériaux!Q20 -> 0 | P23: =Matériaux!M20 -> 0.0345
B24: Percarbonate de soude | C24: 0 | D24: =Matériaux!M23 -> 0.0391 | E24: =Tableau332[[#This Row],[Quantité/g ou ml]]*Tableau332[[#This Row],[Prix TTC/g et ml]] -> 0 | G24: Percarbonate de soude | H24: 0 | I24: =Matériaux!M23 -> 0.0391 | J24: =Tableau433[[#This Row],[Prix TTC/ g et ml]]*Tableau433[[#This Row],[Quantité/g ou ml]] -> 0 | M24: Percarbonate de soude | N24: 0 | O24: =Matériaux!Q23 -> 0 | P24: =Matériaux!M23 -> 0.0391
B25: Vinaigre blanc | C25: 0 | D25: =Matériaux!M24 -> 0.0206 | E25: =Tableau332[[#This Row],[Quantité/g ou ml]]*Tableau332[[#This Row],[Prix TTC/g et ml]] -> 0 | G25: Vinaigre blanc | H25: 0 | I25: =Matériaux!M24 -> 0.0206 | J25: =Tableau433[[#This Row],[Prix TTC/ g et ml]]*Tableau433[[#This Row],[Quantité/g ou ml]] -> 0 | M25: Vinaigre blanc | N25: 0 | O25: =Matériaux!Q24 -> 0 | P25: =Matériaux!M24 -> 0.0206
B26: Alcool denaturé | C26: 0 | D26: =Matériaux!M25 -> 0.175 | E26: =Tableau332[[#This Row],[Quantité/g ou ml]]*Tableau332[[#This Row],[Prix TTC/g et ml]] -> 0 | G26: Alcool denaturé | H26: 0 | I26: =Matériaux!M25 -> 0.175 | J26: =Tableau433[[#This Row],[Prix TTC/ g et ml]]*Tableau433[[#This Row],[Quantité/g ou ml]] -> 0 | M26: Alcool denaturé | N26: 0 | O26: =Matériaux!Q25 -> 0 | P26: =Matériaux!M25 -> 0.175
B27: Huile de lin | C27: 0 | D27: =Matériaux!#REF! -> #REF! | E27: =Tableau332[[#This Row],[Quantité/g ou ml]]*Tableau332[[#This Row],[Prix TTC/g et ml]] -> #REF! | G27: Huile de lin | H27: 0 | I27: =Matériaux!#REF! -> #REF! | J27: =Tableau433[[#This Row],[Prix TTC/ g et ml]]*Tableau433[[#This Row],[Quantité/g ou ml]] -> #REF! | M27: Huile de lin | N27: 0 | O27: =Matériaux!#REF! -> #REF! | P27: =Matériaux!#REF! -> #REF!
B28: Terebentine | C28: 0 | D28: =Matériaux!M28 -> 0 | E28: =Tableau332[[#This Row],[Quantité/g ou ml]]*Tableau332[[#This Row],[Prix TTC/g et ml]] -> 0 | G28: Terebentine | H28: 0 | I28: =Matériaux!M28 -> 0 | J28: =Tableau433[[#This Row],[Prix TTC/ g et ml]]*Tableau433[[#This Row],[Quantité/g ou ml]] -> 0 | M28: Terebentine | N28: 0 | O28: =Matériaux!Q28 -> 0 | P28: =Matériaux!M28 -> 0
B29: Cire d’abeille | C29: 0 | D29: =Matériaux!M45 -> 0.275 | E29: =Tableau332[[#This Row],[Quantité/g ou ml]]*Tableau332[[#This Row],[Prix TTC/g et ml]] -> 0 | G29: Cire d’abeille | H29: 0 | I29: =Matériaux!M45 -> 0.275 | J29: =Tableau433[[#This Row],[Prix TTC/ g et ml]]*Tableau433[[#This Row],[Quantité/g ou ml]] -> 0 | M29: Cire d’abeille | N29: 0 | O29: =Matériaux!Q40 -> 0 | P29: =Matériaux!M45 -> 0.275
B30: Alcool modifié/vodka | C30: 0 | D30: =Matériaux!M26 -> 0 | E30: =Tableau332[[#This Row],[Quantité/g ou ml]]*Tableau332[[#This Row],[Prix TTC/g et ml]] -> 0 | G30: Alcool modifié/vodka | H30: 0 | I30: =Matériaux!M26 -> 0 | J30: =Tableau433[[#This Row],[Prix TTC/ g et ml]]*Tableau433[[#This Row],[Quantité/g ou ml]] -> 0 | M30: Alcool modifié/vodka | N30: 0 | O30: =Matériaux!Q26 -> 0 | P30: =Matériaux!M26 -> 0
B31: HE tea tree | C31: 0 | D31: =Matériaux!M29 -> 0 | E31: =Tableau332[[#This Row],[Quantité/g ou ml]]*Tableau332[[#This Row],[Prix TTC/g et ml]] -> 0 | G31: HE tea tree | H31: 20 | I31: =Matériaux!M29 -> 0 | J31: =Tableau433[[#This Row],[Prix TTC/ g et ml]]*Tableau433[[#This Row],[Quantité/g ou ml]] -> 0 | M31: HE tea tree | N31: 0 | O31: =Matériaux!Q29 -> 0 | P31: =Matériaux!M29 -> 0
B32: HÉ Palmarosa | C32: 0 | D32: =Matériaux!M30 -> 1.8 | E32: =Tableau332[[#This Row],[Quantité/g ou ml]]*Tableau332[[#This Row],[Prix TTC/g et ml]] -> 0 | G32: HÉ Palmarosa | H32: 0 | I32: =Matériaux!M30 -> 1.8 | J32: =Tableau433[[#This Row],[Prix TTC/ g et ml]]*Tableau433[[#This Row],[Quantité/g ou ml]] -> 0 | M32: HÉ Palmarosa | N32: 0 | O32: =Matériaux!Q30 -> 0 | P32: =Matériaux!M30 -> 1.8
B33: HÉ Thym | C33: 0 | D33: =Matériaux!M31 -> 1.8 | E33: =Tableau332[[#This Row],[Quantité/g ou ml]]*Tableau332[[#This Row],[Prix TTC/g et ml]] -> 0 | G33: HÉ Thym | H33: 0 | I33: =Matériaux!M31 -> 1.8 | J33: =Tableau433[[#This Row],[Prix TTC/ g et ml]]*Tableau433[[#This Row],[Quantité/g ou ml]] -> 0 | M33: HÉ Thym | N33: 0 | O33: =Matériaux!Q31 -> 0 | P33: =Matériaux!M31 -> 1.8
B34: HÉ eucalyptus | C34: 0 | D34: =Matériaux!M32 -> 1.8 | E34: =Tableau332[[#This Row],[Quantité/g ou ml]]*Tableau332[[#This Row],[Prix TTC/g et ml]] -> 0 | G34: HÉ eucalyptus | H34: 0 | I34: =Matériaux!M32 -> 1.8 | J34: =Tableau433[[#This Row],[Prix TTC/ g et ml]]*Tableau433[[#This Row],[Quantité/g ou ml]] -> 0 | M34: HÉ eucalyptus | O34: =Matériaux!Q32 -> 0 | P34: =Matériaux!M32 -> 1.8
B35: HÉ citron | C35: 0 | D35: =Matériaux!M34 -> 1.8 | E35: =Tableau332[[#This Row],[Quantité/g ou ml]]*Tableau332[[#This Row],[Prix TTC/g et ml]] -> 0 | G35: HÉ citron | H35: 0 | I35: =Matériaux!M34 -> 1.8 | J35: =Tableau433[[#This Row],[Prix TTC/ g et ml]]*Tableau433[[#This Row],[Quantité/g ou ml]] -> 0 | M35: HÉ citron | N35: 0 | O35: =Matériaux!Q33 -> 0 | P35: =Matériaux!M34 -> 1.8
B36: HÉ orange | C36: 0 | D36: =Matériaux!M35 -> 1.8 | E36: =Tableau332[[#This Row],[Quantité/g ou ml]]*Tableau332[[#This Row],[Prix TTC/g et ml]] -> 0 | G36: HÉ orange | H36: 0 | I36: =Matériaux!M35 -> 1.8 | J36: =Tableau433[[#This Row],[Prix TTC/ g et ml]]*Tableau433[[#This Row],[Quantité/g ou ml]] -> 0 | M36: HÉ orange | N36: 0 | O36: =Matériaux!Q34 -> 0 | P36: =Matériaux!M35 -> 1.8
B37: Gomme de guar | C37: 0 | D37: =Matériaux!#REF! -> #REF! | E37: =Tableau332[[#This Row],[Quantité/g ou ml]]*Tableau332[[#This Row],[Prix TTC/g et ml]] -> #REF! | G37: Gomme de guar | H37: 0 | I37: =Matériaux!#REF! -> #REF! | J37: =Tableau433[[#This Row],[Prix TTC/ g et ml]]*Tableau433[[#This Row],[Quantité/g ou ml]] -> #REF! | M37: Gomme de guar | N37: 0 | O37: =Matériaux!Q52 -> 0 | P37: =Matériaux!#REF! -> #REF!
B38: Eau minérale | C38: 45 | D38: =Matériaux!M66 -> 0.009 | E38: =Tableau332[[#This Row],[Quantité/g ou ml]]*Tableau332[[#This Row],[Prix TTC/g et ml]] -> 0.405 | G38: Eau minérale | H38: 80 | I38: =Matériaux!M66 -> 0.009 | J38: =Tableau433[[#This Row],[Prix TTC/ g et ml]]*Tableau433[[#This Row],[Quantité/g ou ml]] -> 0.72 | M38: Eau minérale | N38: 0 | O38: =Matériaux!Q55 -> 0 | P38: =Matériaux!M66 -> 0.009
B39: Fécule de pomme de terre/corn stach | C39: 0 | D39: =Matériaux!M67 -> 0 | E39: =Tableau332[[#This Row],[Quantité/g ou ml]]*Tableau332[[#This Row],[Prix TTC/g et ml]] -> 0 | G39: Fécule de pomme de terre/corn stach | H39: 0 | I39: =Matériaux!M67 -> 0 | J39: =Tableau433[[#This Row],[Prix TTC/ g et ml]]*Tableau433[[#This Row],[Quantité/g ou ml]] -> 0 | M39: Fécule de pomme de terre/corn stach | N39: 0 | O39: =Matériaux!Q56 -> 0 | P39: =Matériaux!M67 -> 0
B40: Alcool a 70°C | C40: 0 | D40: =Matériaux!M27 -> #DIV/0! | E40: =Tableau332[[#This Row],[Quantité/g ou ml]]*Tableau332[[#This Row],[Prix TTC/g et ml]] -> #DIV/0! | G40: Alcool a 70°C | H40: 0 | I40: =Matériaux!M27 -> #DIV/0! | J40: =Tableau433[[#This Row],[Prix TTC/ g et ml]]*Tableau433[[#This Row],[Quantité/g ou ml]] -> #DIV/0! | M40: Alcool a 70°C | N40: 0 | O40: =Matériaux!Q27 -> 0 | P40: =Matériaux!M27 -> #DIV/0!
B41: Cendre de bois | C41: 0 | D41: =Matériaux!M68 -> #DIV/0! | E41: =Tableau332[[#This Row],[Quantité/g ou ml]]*Tableau332[[#This Row],[Prix TTC/g et ml]] -> #DIV/0! | G41: Cendre de bois | H41: 0 | I41: =Matériaux!M68 -> #DIV/0! | J41: =Tableau433[[#This Row],[Prix TTC/ g et ml]]*Tableau433[[#This Row],[Quantité/g ou ml]] -> #DIV/0! | M41: Cendre de bois | N41: 0 | O41: =Matériaux!Q57 -> 0 | P41: =Matériaux!M68 -> #DIV/0!
B42: Zestes agrumes | C42: 0 | D42: =Matériaux!M69 -> #DIV/0! | E42: =Tableau332[[#This Row],[Quantité/g ou ml]]*Tableau332[[#This Row],[Prix TTC/g et ml]] -> #DIV/0! | G42: Zestes agrumes | H42: 0 | I42: =Matériaux!M69 -> #DIV/0! | J42: =Tableau433[[#This Row],[Prix TTC/ g et ml]]*Tableau433[[#This Row],[Quantité/g ou ml]] -> #DIV/0! | M42: Zestes agrumes | N42: 0 | O42: =Matériaux!#REF! -> #REF! | P42: =Matériaux!M69 -> #DIV/0!
B43: Gros sel | C43: 0 | D43: =Matériaux!M70 -> 0.03478 | E43: =Tableau332[[#This Row],[Quantité/g ou ml]]*Tableau332[[#This Row],[Prix TTC/g et ml]] -> 0 | G43: Gros sel | H43: 0 | I43: =Matériaux!M70 -> 0.03478 | J43: =Tableau433[[#This Row],[Prix TTC/ g et ml]]*Tableau433[[#This Row],[Quantité/g ou ml]] -> 0 | M43: Gros sel | N43: 180 | O43: =Matériaux!Q58 -> 0 | P43: =Matériaux!M70 -> 0.03478
B44: Savon végétal | C44: 30 | D44: =Matériaux!M21 -> #DIV/0! | E44: =Tableau332[[#This Row],[Quantité/g ou ml]]*Tableau332[[#This Row],[Prix TTC/g et ml]] -> #DIV/0! | G44: Savon végétal | H44: 60 | I44: =Matériaux!M21 -> #DIV/0! | J44: =Tableau433[[#This Row],[Prix TTC/ g et ml]]*Tableau433[[#This Row],[Quantité/g ou ml]] -> #DIV/0! | M44: Savon végétal | N44: 0 | O44: =Matériaux!Q21 -> 0 | P44: =Matériaux!M21 -> #DIV/0!
B45: Total | E45: =SUBTOTAL(109,Tableau332[Total]) -> #REF! | G45: Total | J45: =SUBTOTAL(109,Tableau433[Total]) -> #REF! | M45: Total | P45: =SUBTOTAL(109,Tableau4734[Total]) -> #REF!
B48: Materiel | C48: Quantité | D48: Prix à l’unité | E48: Total
B49: Fiches recette - impression
B50: Étiquettes
B52: Total | E52: =SUBTOTAL(109,Tableau935[Total]) -> 0
B54: Salaire | C54: Coût horaire | D54: Nombre d’heure | E54: Total
B55: Heure préparation
B56: Heure d’ateliers
B57: Total | E57: =SUBTOTAL(109,Tableau1737[Total]) -> 0
B60: Charges | C60: Coût | D60: Nombre de participant | E60: Total
B61: Location salle
B62: Electricité
B63: Déplacement
B64: Total | E64: =SUBTOTAL(109,Tableau1336[Total]) -> 0

Sheet Atelier surface
B2: Atelier Surfaces
C4: Coûts des materiaux | D4: Salaire | E4: Charge
C5: =SUM(Tableau340[[#Totals],[Total]],Tableau441[[#Totals],[Total]],Tableau33239[[#Totals],[Total]]) -> #REF! | D5: =Tableau1745[[#Totals],[Total]] -> 0 | E5: =Tableau1344[[#Totals],[Total]] -> 0
C6: Total | E6: =SUM(Tableau2346[Coûts des materiaux],Tableau2346[Salaire],Tableau2346[Charge]) -> #REF!
C17: Produit à vitre - 1L | H17: Cire pour les meubles | O17: Nettoyant multi surface
B20: Materiaux | C20: Quantité/g ou ml | D20: Prix TTC/g et ml | E20: Total | G20: Materiaux | H20: Quantité/g ou ml | I20: Prix TTC/ g et ml | J20: Total | N20: Materiaux | O20: Quantité/g ou ml | P20: Prix TTC/g et ml | Q20: Total
B21: Acide citrique | C21: 0 | D21: =Matériaux!M18 -> 0.069 | E21: =Tableau340[[#This Row],[Quantité/g ou ml]]*Tableau340[[#This Row],[Prix TTC/g et ml]] -> 0 | G21: Acide citrique | H21: 0 | I21: =Matériaux!M18 -> 0.069 | J21: =Tableau441[[#This Row],[Prix TTC/ g et ml]]*Tableau441[[#This Row],[Quantité/g ou ml]] -> 0 | N21: Acide citrique | O21: 0 | P21: =Matériaux!AB18 -> 0 | Q21: =Matériaux!M18 -> 0.069
B22: Bicarbonate de soude | C22: 0 | D22: =Matériaux!M19 -> 0.0345 | E22: =Tableau340[[#This Row],[Quantité/g ou ml]]*Tableau340[[#This Row],[Prix TTC/g et ml]] -> 0 | G22: Bicarbonate de soude | H22: 0 | I22: =Matériaux!M19 -> 0.0345 | J22: =Tableau441[[#This Row],[Prix TTC/ g et ml]]*Tableau441[[#This Row],[Quantité/g ou ml]] -> 0 | N22: Bicarbonate de soude | O22: 20 | P22: =Matériaux!AB19 -> 0 | Q22: =Matériaux!M19 -> 0.0345
B23: Cristaux de soude | C23: 0 | D23: =Matériaux!M20 -> 0.0345 | E23: =Tableau340[[#This Row],[Quantité/g ou ml]]*Tableau340[[#This Row],[Prix TTC/g et ml]] -> 0 | G23: Cristaux de soude | H23: 0 | I23: =Matériaux!M20 -> 0.0345 | J23: =Tableau441[[#This Row],[Prix TTC/ g et ml]]*Tableau441[[#This Row],[Quantité/g ou ml]] -> 0 | N23: Cristaux de soude | O23: 0 | P23: =Matériaux!AB20 -> 0 | Q23: =Matériaux!M20 -> 0.0345
B24: Percarbonate de soude | C24: 0 | D24: =Matériaux!M23 -> 0.0391 | E24: =Tableau340[[#This Row],[Quantité/g ou ml]]*Tableau340[[#This Row],[Prix TTC/g et ml]] -> 0 | G24: Percarbonate de soude | H24: 0 | I24: =Matériaux!M23 -> 0.0391 | J24: =Tableau441[[#This Row],[Prix TTC/ g et ml]]*Tableau441[[#This Row],[Quantité/g ou ml]] -> 0 | N24: Percarbonate de soude | O24: 0 | P24: =Matériaux!AB23 -> 0 | Q24: =Matériaux!M23 -> 0.0391
B25: Vinaigre blanc | C25: 0 | D25: =Matériaux!M24 -> 0.0206 | E25: =Tableau340[[#This Row],[Quantité/g ou ml]]*Tableau340[[#This Row],[Prix TTC/g et ml]] -> 0 | G25: Vinaigre blanc | H25: 0 | I25: =Matériaux!M24 -> 0.0206 | J25: =Tableau441[[#This Row],[Prix TTC/ g et ml]]*Tableau441[[#This Row],[Quantité/g ou ml]] -> 0 | N25: Vinaigre blanc | O25: 500 | P25: =Matériaux!AB24 -> 0 | Q25: =Matériaux!M24 -> 0.0206
B26: Alcool denaturé | C26: 250 | D26: =Matériaux!M25 -> 0.175 | E26: =Tableau340[[#This Row],[Quantité/g ou ml]]*Tableau340[[#This Row],[Prix TTC/g et ml]] -> 43.75 | G26: Alcool denaturé | H26: 0 | I26: =Matériaux!M25 -> 0.175 | J26: =Tableau441[[#This Row],[Prix TTC/ g et ml]]*Tableau441[[#This Row],[Quantité/g ou ml]] -> 0 | N26: Alcool denaturé | P26: =Matériaux!AB25 -> 0 | Q26: =Matériaux!M25 -> 0.175
B27: Huile de lin | C27: 0 | D27: =Matériaux!#REF! -> #REF! | E27: =Tableau340[[#This Row],[Quantité/g ou ml]]*Tableau340[[#This Row],[Prix TTC/g et ml]] -> #REF! | G27: Huile de lin | H27: 200 | I27: =Matériaux!#REF! -> #REF! | J27: =Tableau441[[#This Row],[Prix TTC/ g et ml]]*Tableau441[[#This Row],[Quantité/g ou ml]] -> #REF! | N27: Huile de lin | O27: 0 | P27: =Matériaux!#REF! -> #REF! | Q27: =Matériaux!#REF! -> #REF!
B28: Terebentine | C28: 0 | D28: =Matériaux!M28 -> 0 | E28: =Tableau340[[#This Row],[Quantité/g ou ml]]*Tableau340[[#This Row],[Prix TTC/g et ml]] -> 0 | G28: Terebentine | H28: 200 | I28: =Matériaux!M28 -> 0 | J28: =Tableau441[[#This Row],[Prix TTC/ g et ml]]*Tableau441[[#This Row],[Quantité/g ou ml]] -> 0 | N28: Terebentine | O28: 0 | P28: =Matériaux!AB28 -> 0 | Q28: =Matériaux!M28 -> 0
B29: Cire d’abeille | C29: 0 | D29: =Matériaux!M45 -> 0.275 | E29: =Tableau340[[#This Row],[Quantité/g ou ml]]*Tableau340[[#This Row],[Prix TTC/g et ml]] -> 0 | G29: Cire d’abeille | H29: 100 | I29: =Matériaux!M45 -> 0.275 | J29: =Tableau441[[#This Row],[Prix TTC/ g et ml]]*Tableau441[[#This Row],[Quantité/g ou ml]] -> 27.5 | N29: Cire d’abeille | O29: 0 | P29: =Matériaux!AB40 -> 0 | Q29: =Matériaux!M45 -> 0.275
B30: Alcool modifié/vodka | C30: 0 | D30: =Matériaux!M26 -> 0 | E30: =Tableau340[[#This Row],[Quantité/g ou ml]]*Tableau340[[#This Row],[Prix TTC/g et ml]] -> 0 | G30: Alcool modifié/vodka | H30: 0 | I30: =Matériaux!M26 -> 0 | J30: =Tableau441[[#This Row],[Prix TTC/ g et ml]]*Tableau441[[#This Row],[Quantité/g ou ml]] -> 0 | N30: Alcool modifié/vodka | O30: 0 | P30: =Matériaux!AB26 -> 0 | Q30: =Matériaux!M26 -> 0
B31: HE tea tree | C31: 0 | D31: =Matériaux!M29 -> 0 | E31: =Tableau340[[#This Row],[Quantité/g ou ml]]*Tableau340[[#This Row],[Prix TTC/g et ml]] -> 0 | G31: HE tea tree | H31: 0 | I31: =Matériaux!M29 -> 0 | J31: =Tableau441[[#This Row],[Prix TTC/ g et ml]]*Tableau441[[#This Row],[Quantité/g ou ml]] -> 0 | N31: HE tea tree | O31: 0 | P31: =Matériaux!AB29 -> 0 | Q31: =Matériaux!M29 -> 0
B32: HÉ Palmarosa | C32: 0 | D32: =Matériaux!M30 -> 1.8 | E32: =Tableau340[[#This Row],[Quantité/g ou ml]]*Tableau340[[#This Row],[Prix TTC/g et ml]] -> 0 | G32: HÉ Palmarosa | H32: 1 | I32: =Matériaux!M30 -> 1.8 | J32: =Tableau441[[#This Row],[Prix TTC/ g et ml]]*Tableau441[[#This Row],[Quantité/g ou ml]] -> 1.8 | N32: HÉ Palmarosa | O32: 0 | P32: =Matériaux!AB30 -> 0 | Q32: =Matériaux!M30 -> 1.8
B33: HÉ Thym | C33: 0 | D33: =Matériaux!M31 -> 1.8 | E33: =Tableau340[[#This Row],[Quantité/g ou ml]]*Tableau340[[#This Row],[Prix TTC/g et ml]] -> 0 | G33: HÉ Thym | H33: 0 | I33: =Matériaux!M31 -> 1.8 | J33: =Tableau441[[#This Row],[Prix TTC/ g et ml]]*Tableau441[[#This Row],[Quantité/g ou ml]] -> 0 | N33: HÉ Thym | O33: 0 | P33: =Matériaux!AB31 -> 0 | Q33: =Matériaux!M31 -> 1.8
B34: HÉ eucalyptus | C34: 0 | D34: =Matériaux!M32 -> 1.8 | E34: =Tableau340[[#This Row],[Quantité/g ou ml]]*Tableau340[[#This Row],[Prix TTC/g et ml]] -> 0 | G34: HÉ eucalyptus | H34: 0 | I34: =Matériaux!M32 -> 1.8 | J34: =Tableau441[[#This Row],[Prix TTC/ g et ml]]*Tableau441[[#This Row],[Quantité/g ou ml]] -> 0 | N34: HÉ eucalyptus | O34: 0.5 | P34: =Matériaux!AB32 -> 0 | Q34: =Matériaux!M32 -> 1.8
B35: HÉ citron | C35: 0 | D35: =Matériaux!M34 -> 1.8 | E35: =Tableau340[[#This Row],[Quantité/g ou ml]]*Tableau340[[#This Row],[Prix TTC/g et ml]] -> 0 | G35: HÉ citron | H35: 0 | I35: =Matériaux!M34 -> 1.8 | J35: =Tableau441[[#This Row],[Prix TTC/ g et ml]]*Tableau441[[#This Row],[Quantité/g ou ml]] -> 0 | N35: HÉ citron | O35: 0 | P35: =Matériaux!AB33 -> 0 | Q35: =Matériaux!M34 -> 1.8
B36: HÉ orange | C36: 0 | D36: =Matériaux!M35 -> 1.8 | E36: =Tableau340[[#This Row],[Quantité/g ou ml]]*Tableau340[[#This Row],[Prix TTC/g et ml]] -> 0 | G36: HÉ orange | H36: 0 | I36: =Matériaux!M35 -> 1.8 | J36: =Tableau441[[#This Row],[Prix TTC/ g et ml]]*Tableau441[[#This Row],[Quantité/g ou ml]] -> 0 | N36: HÉ orange | O36: 0 | P36: =Matériaux!AB34 -> 0 | Q36: =Matériaux!M35 -> 1.8
B37: Gomme de guar | C37: 0 | D37: =Matériaux!#REF! -> #REF! | E37: =Tableau340[[#This Row],[Quantité/g ou ml]]*Tableau340[[#This Row],[Prix TTC/g et ml]] -> #REF! | G37: Gomme de guar | H37: 0 | I37: =Matériaux!#REF! -> #REF! | J37: =Tableau441[[#This Row],[Prix TTC/ g et ml]]*Tableau441[[#This Row],[Quantité/g ou ml]] -> #REF! | N37: Gomme de guar | O37: 0 | P37: =Matériaux!AB52 -> 0 | Q37: =Matériaux!#REF! -> #REF!
B38: Eau minérale | C38: 750 | D38: =Matériaux!M66 -> 0.009 | E38: =Tableau340[[#This Row],[Quantité/g ou ml]]*Tableau340[[#This Row],[Prix TTC/g et ml]] -> 6.75 | G38: Eau minérale | H38: 0 | I38: =Matériaux!M66 -> 0.009 | J38: =Tableau441[[#This Row],[Prix TTC/ g et ml]]*Tableau441[[#This Row],[Quantité/g ou ml]] -> 0 | N38: Eau minérale | O38: 425 | P38: =Matériaux!AB55 -> 0 | Q38: =Matériaux!M66 -> 0.009
B39: Fécule de pomme de terre/corn stach | C39: 0 | D39: =Matériaux!M67 -> 0 | E39: =Tableau340[[#This Row],[Quantité/g ou ml]]*Tableau340[[#This Row],[Prix TTC/g et ml]] -> 0 | G39: Fécule de pomme de terre/corn stach | H39: 0 | I39: =Matériaux!M67 -> 0 | J39: =Tableau441[[#This Row],[Prix TTC/ g et ml]]*Tableau441[[#This Row],[Quantité/g ou ml]] -> 0 | N39: Fécule de pomme de terre/corn stach | O39: 0 | P39: =Matériaux!AB56 -> 0 | Q39: =Matériaux!M67 -> 0
B40: Alcool a 70°C | C40: 0 | D40: =Matériaux!M27 -> #DIV/0! | E40: =Tableau340[[#This Row],[Quantité/g ou ml]]*Tableau340[[#This Row],[Prix TTC/g et ml]] -> #DIV/0! | G40: Alcool a 70°C | H40: 0 | I40: =Matériaux!M27 -> #DIV/0! | J40: =Tableau441[[#This Row],[Prix TTC/ g et ml]]*Tableau441[[#This Row],[Quantité/g ou ml]] -> #DIV/0! | N40: Alcool a 70°C | O40: 0 | P40: =Matériaux!AB27 -> 0 | Q40: =Matériaux!M27 -> #DIV/0!
B41: Total | E41: =SUBTOTAL(109,Tableau340[Total]) -> #REF! | G41: Total | J41: =SUBTOTAL(109,Tableau441[Total]) -> #REF! | N41: Cendre de bois | O41: 0 | P41: =Matériaux!AB57 -> 0 | Q41: =Matériaux!M68 -> #DIV/0!
N42: Zestes agrumes | O42: 0 | P42: =Matériaux!#REF! -> #REF! | Q42: =Matériaux!M69 -> #DIV/0!
N43: Gros sel | O43: 0 | P43: =Matériaux!AB58 -> 0 | Q43: =Matériaux!M70 -> 0.03478
B44: Materiel | C44: Quantité | D44: Prix à l’unité | E44: Total | N44: Savon végétal | O44: 30 | P44: =Matériaux!AB21 -> 0 | Q44: =Matériaux!M21 -> #DIV/0!
B45: Fiches recette - impression | N45: Total | Q45: =SUBTOTAL(109,Tableau33239[Total]) -> #REF!
B46: Étiquettes
B47: Total | E47: =SUBTOTAL(109,Tableau943[Total]) -> 0
B49: Salaire | C49: Coût horaire | D49: Nombre d’heure | E49: Total
B50: Heure préparation
B51: Heure d’ateliers
B52: Total | E52: =SUBTOTAL(109,Tableau1745[Total]) -> 0
B55: Charges | C55: Coût | D55: Nombre de participant | E55: Total
B56: Location salle
B57: Electricité
B58: Déplacement
B59: Total | E59: =SUBTOTAL(109,Tableau1344[Total]) -> 0

Sheet Atelier Abeille
B3: Bee wraps
B4: Cire meuble
B5: Bougies citronelle

Sheet Atelier WC
B2: Atelier WC
C4: Coûts des materiaux | D4: Salaire | E4: Charge
C5: =SUM(Tableau3[[#Totals],[Total]],Tableau4[[#Totals],[Total]],Tableau47[[#Totals],[Total]],Tableau9[[#Totals],[Total]]) -> #REF! | D5: =Tableau17[[#Totals],[Total]] -> 0 | E5: =Tableau13[[#Totals],[Total]] -> 0
C6: Total | E6: =SUM(Tableau23[Coûts des materiaux],Tableau23[Salaire],Tableau23[Charge]) -> #REF!
C17: Pastilles effervescente 1 unité | H17: Gel WC | N17: Désodorisant WC - 10 ml | T17: Bloc WC
B20: Materiaux | C20: Quantité/g ou ml | D20: Prix TTC/g et ml | E20: Total | G20: Materiaux | H20: Quantité/g ou ml | I20: Prix TTC/ g et ml | J20: Total | M20: Materiaux | N20: Quantité/g ou ml | O20: Prix TTC/ g et ml | P20: Total
B21: Acide citrique | C21: 95 | D21: =Matériaux!M18 -> 0.069 | E21: =Tableau3[[#This Row],[Quantité/g ou ml]]*Tableau3[[#This Row],[Prix TTC/g et ml]] -> 6.555 | G21: Acide citrique | H21: 0 | I21: =Matériaux!M18 -> 0.069 | J21: =Tableau4[[#This Row],[Prix TTC/ g et ml]]*Tableau4[[#This Row],[Quantité/g ou ml]] -> 0 | M21: Acide citrique | N21: 0 | O21: =Matériaux!Q18 -> 0 | P21: =Tableau47[[#This Row],[Prix TTC/ g et ml]]*Tableau47[[#This Row],[Quantité/g ou ml]] -> 0
B22: Bicarbonate de soude | C22: 280 | D22: =Matériaux!M19 -> 0.0345 | E22: =Tableau3[[#This Row],[Quantité/g ou ml]]*Tableau3[[#This Row],[Prix TTC/g et ml]] -> 9.66 | G22: Bicarbonate de soude | H22: 0 | I22: =Matériaux!M19 -> 0.0345 | J22: =Tableau4[[#This Row],[Prix TTC/ g et ml]]*Tableau4[[#This Row],[Quantité/g ou ml]] -> 0 | M22: Bicarbonate de soude | N22: 0 | O22: =Matériaux!Q19 -> 0 | P22: =Tableau47[[#This Row],[Prix TTC/ g et ml]]*Tableau47[[#This Row],[Quantité/g ou ml]] -> 0
B23: Cristaux de soude | C23: 0 | D23: =Matériaux!M20 -> 0.0345 | E23: =Tableau3[[#This Row],[Quantité/g ou ml]]*Tableau3[[#This Row],[Prix TTC/g et ml]] -> 0 | G23: Cristaux de soude | H23: 0 | I23: =Matériaux!M20 -> 0.0345 | J23: =Tableau4[[#This Row],[Prix TTC/ g et ml]]*Tableau4[[#This Row],[Quantité/g ou ml]] -> 0 | M23: Cristaux de soude | N23: 0 | O23: =Matériaux!Q20 -> 0 | P23: =Tableau47[[#This Row],[Prix TTC/ g et ml]]*Tableau47[[#This Row],[Quantité/g ou ml]] -> 0
B24: Percarbonate de soude | C24: 0 | D24: =Matériaux!M23 -> 0.0391 | E24: =Tableau3[[#This Row],[Quantité/g ou ml]]*Tableau3[[#This Row],[Prix TTC/g et ml]] -> 0 | G24: Percarbonate de soude | H24: 0 | I24: =Matériaux!M23 -> 0.0391 | J24: =Tableau4[[#This Row],[Prix TTC/ g et ml]]*Tableau4[[#This Row],[Quantité/g ou ml]] -> 0 | M24: Percarbonate de soude | N24: 0 | O24: =Matériaux!Q23 -> 0 | P24: =Tableau47[[#This Row],[Prix TTC/ g et ml]]*Tableau47[[#This Row],[Quantité/g ou ml]] -> 0
B25: Vinaigre blanc | C25: 0 | D25: =Matériaux!M24 -> 0.0206 | E25: =Tableau3[[#This Row],[Quantité/g ou ml]]*Tableau3[[#This Row],[Prix TTC/g et ml]] -> 0 | G25: Vinaigre blanc | H25: 250 | I25: =Matériaux!M24 -> 0.0206 | J25: =Tableau4[[#This Row],[Prix TTC/ g et ml]]*Tableau4[[#This Row],[Quantité/g ou ml]] -> 5.15 | M25: Vinaigre blanc | N25: 250 | O25: =Matériaux!Q24 -> 0 | P25: =Tableau47[[#This Row],[Prix TTC/ g et ml]]*Tableau47[[#This Row],[Quantité/g ou ml]] -> 0
B26: Alcool denaturé | C26: 0 | D26: =Matériaux!M25 -> 0.175 | E26: =Tableau3[[#This Row],[Quantité/g ou ml]]*Tableau3[[#This Row],[Prix TTC/g et ml]] -> 0 | G26: Alcool denaturé | H26: 0 | I26: =Matériaux!M25 -> 0.175 | J26: =Tableau4[[#This Row],[Prix TTC/ g et ml]]*Tableau4[[#This Row],[Quantité/g ou ml]] -> 0 | M26: Alcool denaturé | N26: 0 | O26: =Matériaux!Q25 -> 0 | P26: =Tableau47[[#This Row],[Prix TTC/ g et ml]]*Tableau47[[#This Row],[Quantité/g ou ml]] -> 0
B27: Huile de lin | C27: 0 | D27: =Matériaux!#REF! -> #REF! | E27: =Tableau3[[#This Row],[Quantité/g ou ml]]*Tableau3[[#This Row],[Prix TTC/g et ml]] -> #REF! | G27: Huile de lin | H27: 0 | I27: =Matériaux!#REF! -> #REF! | J27: =Tableau4[[#This Row],[Prix TTC/ g et ml]]*Tableau4[[#This Row],[Quantité/g ou ml]] -> #REF! | M27: Huile de lin | N27: 0 | O27: =Matériaux!#REF! -> #REF! | P27: =Tableau47[[#This Row],[Prix TTC/ g et ml]]*Tableau47[[#This Row],[Quantité/g ou ml]] -> #REF!
B28: Terebentine | C28: 0 | D28: =Matériaux!M28 -> 0 | E28: =Tableau3[[#This Row],[Quantité/g ou ml]]*Tableau3[[#This Row],[Prix TTC/g et ml]] -> 0 | G28: Terebentine | H28: 0 | I28: =Matériaux!M28 -> 0 | J28: =Tableau4[[#This Row],[Prix TTC/ g et ml]]*Tableau4[[#This Row],[Quantité/g ou ml]] -> 0 | M28: Terebentine | N28: 0 | O28: =Matériaux!Q28 -> 0 | P28: =Tableau47[[#This Row],[Prix TTC/ g et ml]]*Tableau47[[#This Row],[Quantité/g ou ml]] -> 0
B29: Cire d’abeille | C29: 0 | D29: =Matériaux!M45 -> 0.275 | E29: =Tableau3[[#This Row],[Quantité/g ou ml]]*Tableau3[[#This Row],[Prix TTC/g et ml]] -> 0 | G29: Cire d’abeille | H29: 0 | I29: =Matériaux!M45 -> 0.275 | J29: =Tableau4[[#This Row],[Prix TTC/ g et ml]]*Tableau4[[#This Row],[Quantité/g ou ml]] -> 0 | M29: Cire d’abeille | N29: 0 | O29: =Matériaux!Q40 -> 0 | P29: =Tableau47[[#This Row],[Prix TTC/ g et ml]]*Tableau47[[#This Row],[Quantité/g ou ml]] -> 0
B30: Alcool modifié/vodka | C30: 0 | D30: =Matériaux!M26 -> 0 | E30: =Tableau3[[#This Row],[Quantité/g ou ml]]*Tableau3[[#This Row],[Prix TTC/g et ml]] -> 0 | G30: Alcool modifié/vodka | H30: 0 | I30: =Matériaux!M26 -> 0 | J30: =Tableau4[[#This Row],[Prix TTC/ g et ml]]*Tableau4[[#This Row],[Quantité/g ou ml]] -> 0 | M30: Alcool modifié/vodka | N30: 0 | O30: =Matériaux!Q26 -> 0 | P30: =Tableau47[[#This Row],[Prix TTC/ g et ml]]*Tableau47[[#This Row],[Quantité/g ou ml]] -> 0
B31: HE tea tree | C31: 0.5 | D31: =Matériaux!M29 -> 0 | E31: =Tableau3[[#This Row],[Quantité/g ou ml]]*Tableau3[[#This Row],[Prix TTC/g et ml]] -> 0 | G31: HE tea tree | H31: 0.5 | I31: =Matériaux!M29 -> 0 | J31: =Tableau4[[#This Row],[Prix TTC/ g et ml]]*Tableau4[[#This Row],[Quantité/g ou ml]] -> 0 | M31: HE tea tree | N31: 0.5 | O31: =Matériaux!Q29 -> 0 | P31: =Tableau47[[#This Row],[Prix TTC/ g et ml]]*Tableau47[[#This Row],[Quantité/g ou ml]] -> 0
B32: HÉ Palmarosa | C32: 0 | D32: =Matériaux!M30 -> 1.8 | E32: =Tableau3[[#This Row],[Quantité/g ou ml]]*Tableau3[[#This Row],[Prix TTC/g et ml]] -> 0 | G32: HÉ Palmarosa | H32: 0 | I32: =Matériaux!M30 -> 1.8 | J32: =Tableau4[[#This Row],[Prix TTC/ g et ml]]*Tableau4[[#This Row],[Quantité/g ou ml]] -> 0 | M32: HÉ Palmarosa | N32: 0 | O32: =Matériaux!Q30 -> 0 | P32: =Tableau47[[#This Row],[Prix TTC/ g et ml]]*Tableau47[[#This Row],[Quantité/g ou ml]] -> 0
B33: HÉ Thym | C33: 0 | D33: =Matériaux!M31 -> 1.8 | E33: =Tableau3[[#This Row],[Quantité/g ou ml]]*Tableau3[[#This Row],[Prix TTC/g et ml]] -> 0 | G33: HÉ Thym | H33: 0 | I33: =Matériaux!M31 -> 1.8 | J33: =Tableau4[[#This Row],[Prix TTC/ g et ml]]*Tableau4[[#This Row],[Quantité/g ou ml]] -> 0 | M33: HÉ Thym | N33: 0 | O33: =Matériaux!Q31 -> 0 | P33: =Tableau47[[#This Row],[Prix TTC/ g et ml]]*Tableau47[[#This Row],[Quantité/g ou ml]] -> 0
B34: HÉ eucalyptus | C34: 0.5 | D34: =Matériaux!M32 -> 1.8 | E34: =Tableau3[[#This Row],[Quantité/g ou ml]]*Tableau3[[#This Row],[Prix TTC/g et ml]] -> 0.9 | G34: HÉ eucalyptus | H34: 0.5 | I34: =Matériaux!M32 -> 1.8 | J34: =Tableau4[[#This Row],[Prix TTC/ g et ml]]*Tableau4[[#This Row],[Quantité/g ou ml]] -> 0.9 | M34: HÉ eucalyptus | N34: 0.5 | O34: =Matériaux!Q32 -> 0 | P34: =Tableau47[[#This Row],[Prix TTC/ g et ml]]*Tableau47[[#This Row],[Quantité/g ou ml]] -> 0
B35: HÉ citron | C35: 0 | D35: =Matériaux!M34 -> 1.8 | E35: =Tableau3[[#This Row],[Quantité/g ou ml]]*Tableau3[[#This Row],[Prix TTC/g et ml]] -> 0 | G35: HÉ citron | H35: 0 | I35: =Matériaux!M34 -> 1.8 | J35: =Tableau4[[#This Row],[Prix TTC/ g et ml]]*Tableau4[[#This Row],[Quantité/g ou ml]] -> 0 | M35: HÉ citron | N35: 0 | O35: =Matériaux!Q33 -> 0 | P35: =Tableau47[[#This Row],[Prix TTC/ g et ml]]*Tableau47[[#This Row],[Quantité/g ou ml]] -> 0
B36: HÉ orange | C36: 0 | D36: =Matériaux!M35 -> 1.8 | E36: =Tableau3[[#This Row],[Quantité/g ou ml]]*Tableau3[[#This Row],[Prix TTC/g et ml]] -> 0 | G36: HÉ orange | H36: 0 | I36: =Matériaux!M35 -> 1.8 | J36: =Tableau4[[#This Row],[Prix TTC/ g et ml]]*Tableau4[[#This Row],[Quantité/g ou ml]] -> 0 | M36: HÉ orange | N36: 0 | O36: =Matériaux!Q34 -> 0 | P36: =Tableau47[[#This Row],[Prix TTC/ g et ml]]*Tableau47[[#This Row],[Quantité/g ou ml]] -> 0
B37: Gomme de guar | C37: 0 | D37: =Matériaux!#REF! -> #REF! | E37: =Tableau3[[#This Row],[Quantité/g ou ml]]*Tableau3[[#This Row],[Prix TTC/g et ml]] -> #REF! | G37: Gomme de guar | H37: 2 | I37: =Matériaux!#REF! -> #REF! | J37: =Tableau4[[#This Row],[Prix TTC/ g et ml]]*Tableau4[[#This Row],[Quantité/g ou ml]] -> #REF! | M37: Gomme de guar | N37: 2 | O37: =Matériaux!Q52 -> 0 | P37: =Tableau47[[#This Row],[Prix TTC/ g et ml]]*Tableau47[[#This Row],[Quantité/g ou ml]] -> 0
B38: Eau minérale | C38: 15 | D38: =Matériaux!M66 -> 0.009 | E38: =Tableau3[[#This Row],[Quantité/g ou ml]]*Tableau3[[#This Row],[Prix TTC/g et ml]] -> 0.135 | G38: Eau minérale | H38: 350 | I38: =Matériaux!M66 -> 0.009 | J38: =Tableau4[[#This Row],[Prix TTC/ g et ml]]*Tableau4[[#This Row],[Quantité/g ou ml]] -> 3.15 | M38: Eau minérale | N38: 350 | O38: =Matériaux!Q55 -> 0 | P38: =Tableau47[[#This Row],[Prix TTC/ g et ml]]*Tableau47[[#This Row],[Quantité/g ou ml]] -> 0
B39: Fécule de pomme de terre/corn stach | C39: 0 | D39: =Matériaux!M67 -> 0 | E39: =Tableau3[[#This Row],[Quantité/g ou ml]]*Tableau3[[#This Row],[Prix TTC/g et ml]] -> 0 | G39: Fécule de pomme de terre/corn stach | H39: 25 | I39: =Matériaux!M67 -> 0 | J39: =Tableau4[[#This Row],[Prix TTC/ g et ml]]*Tableau4[[#This Row],[Quantité/g ou ml]] -> 0 | M39: Fécule de pomme de terre/corn stach | N39: 25 | O39: =Matériaux!Q56 -> 0 | P39: =Tableau47[[#This Row],[Prix TTC/ g et ml]]*Tableau47[[#This Row],[Quantité/g ou ml]] -> 0
B40: Alcool a 70°C | C40: 0 | D40: =Matériaux!M27 -> #DIV/0! | E40: =Tableau3[[#This Row],[Quantité/g ou ml]]*Tableau3[[#This Row],[Prix TTC/g et ml]] -> #DIV/0! | G40: Alcool a 70°C | I40: =Matériaux!M27 -> #DIV/0! | J40: =Tableau4[[#This Row],[Prix TTC/ g et ml]]*Tableau4[[#This Row],[Quantité/g ou ml]] -> #DIV/0! | M40: Alcool a 70°C | O40: =Matériaux!Q27 -> 0 | P40: =Tableau47[[#This Row],[Prix TTC/ g et ml]]*Tableau47[[#This Row],[Quantité/g ou ml]] -> 0
B41: Total | E41: =SUBTOTAL(109,Tableau3[Total]) -> #REF! | G41: Total | J41: =SUBTOTAL(109,Tableau4[Total]) -> #REF! | M41: Total | P41: =SUBTOTAL(109,Tableau47[Total]) -> #REF!
B44: Materiel | C44: Quantité | D44: Prix à l’unité | E44: Total
B45: Fiches recette - impression
B46: Étiquettes
B47: Total | E47: =SUBTOTAL(109,Tableau9[Total]) -> 0
B49: Salaire | C49: Coût horaire | D49: Nombre d’heure | E49: Total
B50: Heure préparation
B51: Heure d’ateliers
B52: Total | E52: =SUBTOTAL(109,Tableau17[Total]) -> 0
B55: Charges | C55: Coût | D55: Nombre de participant | E55: Total
B56: Location salle
B57: Electricité
B58: Déplacement
B59: Total | E59: =SUBTOTAL(109,Tableau13[Total]) -> 0

Sheet Tawashi
A1: Table a tawashi

Sheet Savon ménager
B3: Savon ménager Coco/ cendre - 1kg | H3: Coût total au g | M3: Savon marseille maison
H4: {=Tableau11[Total au kg]/1000} -> 1.2088696
B6: Matériaux | C6: Quantité | D6: Prix TTC/g | E6: Total | H6: Temps fabrication | I6: Coût horaire | J6: Coût savon | K6: Total au kg | M6: Matériaux | N6: Quantité | O6: prix TTC/g | P6: Total
B7: Acide citrique | D7: =Matériaux!N18 -> 0.07788 | E7: =Tableau2[[#This Row],[Quantité]]*Tableau2[[#This Row],[Prix TTC/g]] -> 0 | H7: 0 | I7: 0 | J7: =Tableau2[[#Totals],[Total]] -> 1208.8696 | K7: =SUM(Tableau11[[#All],[Temps fabrication ]:[Coût savon ]]) -> 1208.8696 | M7: Acide citrique | O7: =Matériaux!N18 -> 0.07788
B8: Bicarbonate de soude | D8: =Matériaux!N19 -> 0.04338 | E8: =Tableau2[[#This Row],[Quantité]]*Tableau2[[#This Row],[Prix TTC/g]] -> 0 | M8: Bicarbonate de soude | O8: =Matériaux!N19 -> 0.04338
B9: Cristaux de soude | D9: =Matériaux!N20 -> 0.04005 | E9: =Tableau2[[#This Row],[Quantité]]*Tableau2[[#This Row],[Prix TTC/g]] -> 0 | M9: Cristaux de soude | O9: =Matériaux!N20 -> 0.04005
B10: Hydroxyde de sodium | D10: 0 | E10: =Tableau2[[#This Row],[Quantité]]*Tableau2[[#This Row],[Prix TTC/g]] -> 0 | M10: Hydroxyde de sodium | O10: 0
B11: Soude caustique | C11: 107 | D11: =Matériaux!N22 -> 0.06408 | E11: =Tableau2[[#This Row],[Quantité]]*Tableau2[[#This Row],[Prix TTC/g]] -> 6.85656 | M11: Soude caustique | O11: =Matériaux!N22 -> 0.06408
B12: Percarbonate de soude | D12: =Matériaux!N23 -> 0.04798 | E12: =Tableau2[[#This Row],[Quantité]]*Tableau2[[#This Row],[Prix TTC/g]] -> 0 | M12: Percarbonate de soude | O12: =Matériaux!N23 -> 0.04798
B13: Vinaigre blanc | D13: =Matériaux!N24 -> 0.5026 | E13: =Tableau2[[#This Row],[Quantité]]*Tableau2[[#This Row],[Prix TTC/g]] -> 0 | M13: Vinaigre blanc | O13: =Matériaux!N24 -> 0.5026
B14: Alcool denaturé | D14: =Matériaux!N25 -> 0.416 | E14: =Tableau2[[#This Row],[Quantité]]*Tableau2[[#This Row],[Prix TTC/g]] -> 0 | M14: Alcool denaturé | O14: =Matériaux!N25 -> 0.416
B15: Alcool modifié/vodka | D15: =Matériaux!N26 -> 0 | E15: =Tableau2[[#This Row],[Quantité]]*Tableau2[[#This Row],[Prix TTC/g]] -> 0 | M15: Alcool modifié/vodka | O15: =Matériaux!N26 -> 0
B16: Alcool a 70 °C | D16: 0 | E16: =Tableau2[[#This Row],[Quantité]]*Tableau2[[#This Row],[Prix TTC/g]] -> 0 | M16: Alcool a 70 °C | O16: 0
B17: Terebentine | D17: =Matériaux!N28 -> 0 | E17: =Tableau2[[#This Row],[Quantité]]*Tableau2[[#This Row],[Prix TTC/g]] -> 0 | M17: Terebentine | O17: =Matériaux!N28 -> 0
B18: HÉ Thym | D18: 0 | E18: =Tableau2[[#This Row],[Quantité]]*Tableau2[[#This Row],[Prix TTC/g]] -> 0 | M18: HÉ Thym | O18: 0
B19: HÉ citron | D19: =Matériaux!N30 -> 1.8 | E19: =Tableau2[[#This Row],[Quantité]]*Tableau2[[#This Row],[Prix TTC/g]] -> 0 | M19: HÉ citron | O19: =Matériaux!N30 -> 1.8
B20: HÉ orange | D20: =Matériaux!N31 -> 1.8 | E20: =Tableau2[[#This Row],[Quantité]]*Tableau2[[#This Row],[Prix TTC/g]] -> 0 | M20: HÉ orange | O20: =Matériaux!N31 -> 1.8
B21: HÉ Romarin | D21: =Matériaux!N32 -> 1.8 | E21: =Tableau2[[#This Row],[Quantité]]*Tableau2[[#This Row],[Prix TTC/g]] -> 0 | M21: HÉ Romarin | O21: =Matériaux!N32 -> 1.8
B22: HÉ lemongrass | D22: =Matériaux!N33 -> 1.8 | E22: =Tableau2[[#This Row],[Quantité]]*Tableau2[[#This Row],[Prix TTC/g]] -> 0 | M22: HÉ lemongrass | O22: =Matériaux!N33 -> 1.8
B23: HÉ eucalyptus | D23: =Matériaux!N34 -> 1.8 | E23: =Tableau2[[#This Row],[Quantité]]*Tableau2[[#This Row],[Prix TTC/g]] -> 0 | M23: HÉ eucalyptus | O23: =Matériaux!N34 -> 1.8
B24: HÉ orange | D24: =Matériaux!N35 -> 1.8 | E24: =Tableau2[[#This Row],[Quantité]]*Tableau2[[#This Row],[Prix TTC/g]] -> 0 | M24: HÉ orange | O24: =Matériaux!N35 -> 1.8
B25: HÉ eucalyptus | D25: =Matériaux!N36 -> 3.1 | E25: =Tableau2[[#This Row],[Quantité]]*Tableau2[[#This Row],[Prix TTC/g]] -> 0 | M25: HÉ eucalyptus | O25: =Matériaux!N36 -> 3.1
B26: HÉ eucalyptus | D26: =Matériaux!N37 -> 15.8 | E26: =Tableau2[[#This Row],[Quantité]]*Tableau2[[#This Row],[Prix TTC/g]] -> 0 | M26: HÉ eucalyptus | O26: =Matériaux!N37 -> 15.8
B27: HÉ orange | D27: =Matériaux!N38 -> 19.133333 | E27: =Tableau2[[#This Row],[Quantité]]*Tableau2[[#This Row],[Prix TTC/g]] -> 0 | M27: HÉ orange | O27: =Matériaux!N38 -> 19.133333
B28: HÉ lemongrass | D28: =Matériaux!N39 -> 20.8 | E28: =Tableau2[[#This Row],[Quantité]]*Tableau2[[#This Row],[Prix TTC/g]] -> 0 | M28: HÉ lemongrass | O28: =Matériaux!N39 -> 20.8
B29: HÉ franckincense | D29: =Matériaux!N40 -> 22.466667 | E29: =Tableau2[[#This Row],[Quantité]]*Tableau2[[#This Row],[Prix TTC/g]] -> 0 | M29: HÉ franckincense | O29: =Matériaux!N40 -> 22.466667
B30: HÉ Romarin | D30: =Matériaux!N41 -> 27.466667 | E30: =Tableau2[[#This Row],[Quantité]]*Tableau2[[#This Row],[Prix TTC/g]] -> 0 | M30: HÉ Romarin | O30: =Matériaux!N41 -> 27.466667
... B32: HÉ Palmarosa | D32: =Matériaux!N43 -> 22.5 | E32: =Tableau2[[#This Row],[Quantité]]*Tableau2[[#This Row],[Prix TTC/g]] -> 0 | M32: HÉ Palmarosa | O32: =Matériaux!N43 -> 22.5
B33: HE tea tree | D33: 0 | E33: =Tableau2[[#This Row],[Quantité]]*Tableau2[[#This Row],[Prix TTC/g]] -> 0 | M33: HE tea tree | O33: 0
B34: Cire d’abeille | D34: =Matériaux!N45 -> 0.275 | E34: =Tableau2[[#This Row],[Quantité]]*Tableau2[[#This Row],[Prix TTC/g]] -> 0 | M34: Cire d’abeille | O34: =Matériaux!N45 -> 0.275
B35: Huile de ricin | D35: =Matériaux!N46 -> 2.5 | E35: =Tableau2[[#This Row],[Quantité]]*Tableau2[[#This Row],[Prix TTC/g]] -> 0 | M35: Huile de ricin | O35: =Matériaux!N46 -> 2.5
B36: Huile ricin | D36: =Matériaux!N47 -> 4.51 | E36: =Tableau2[[#This Row],[Quantité]]*Tableau2[[#This Row],[Prix TTC/g]] -> 0 | M36: Huile ricin | O36: =Matériaux!N47 -> 4.51
B37: Huile de coco | C37: 613 | D37: =Matériaux!N48 -> 1.9608696 | E37: =Tableau2[[#This Row],[Quantité]]*Tableau2[[#This Row],[Prix TTC/g]] -> 1202.013 | M37: Huile de coco | O37: =Matériaux!N48 -> 1.9608696
B38: Huile de coco | D38: 0 | E38: =Tableau2[[#This Row],[Quantité]]*Tableau2[[#This Row],[Prix TTC/g]] -> 0 | M38: Huile de coco | O38: 0
B39: Hui de lin | D39: =Matériaux!N50 -> 1.35 | E39: =Tableau2[[#This Row],[Quantité]]*Tableau2[[#This Row],[Prix TTC/g]] -> 0 | M39: Hui de lin | O39: =Matériaux!N50 -> 1.35
B40: Huile Moringa | D40: =Matériaux!N51 -> 4.7 | E40: =Tableau2[[#This Row],[Quantité]]*Tableau2[[#This Row],[Prix TTC/g]] -> 0 | M40: Huile Moringa | O40: =Matériaux!N51 -> 4.7
B41: Huile Moringa | D41: =Matériaux!N52 -> 7.0666667 | E41: =Tableau2[[#This Row],[Quantité]]*Tableau2[[#This Row],[Prix TTC/g]] -> 0 | M41: Huile Moringa | O41: =Matériaux!N52 -> 7.0666667
B42: Huile sesame | D42: =Matériaux!N53 -> 2.35 | E42: =Tableau2[[#This Row],[Quantité]]*Tableau2[[#This Row],[Prix TTC/g]] -> 0 | M42: Huile sesame | O42: =Matériaux!N53 -> 2.35
B43: Huile de nigelle | D43: =Matériaux!N54 -> 1.7 | E43: =Tableau2[[#This Row],[Quantité]]*Tableau2[[#This Row],[Prix TTC/g]] -> 0 | M43: Huile de nigelle | O43: =Matériaux!N54 -> 1.7
B44: Huile de nigelle | D44: =Matériaux!N55 -> 7.0666667 | E44: =Tableau2[[#This Row],[Quantité]]*Tableau2[[#This Row],[Prix TTC/g]] -> 0 | M44: Huile de nigelle | O44: =Matériaux!N55 -> 7.0666667
B45: Huile de macadamia | D45: =Matériaux!N56 -> 7.0666667 | E45: =Tableau2[[#This Row],[Quantité]]*Tableau2[[#This Row],[Prix TTC/g]] -> 0 | M45: Huile de macadamia | O45: =Matériaux!N56 -> 7.0666667
B46: Huile de courge | D46: =Matériaux!N57 -> 7.0666667 | E46: =Tableau2[[#This Row],[Quantité]]*Tableau2[[#This Row],[Prix TTC/g]] -> 0 | M46: Huile de courge | O46: =Matériaux!N57 -> 7.0666667
B47: Huile d’avocat | D47: =Matériaux!N58 -> 4.51 | E47: =Tableau2[[#This Row],[Quantité]]*Tableau2[[#This Row],[Prix TTC/g]] -> 0 | M47: Huile d’avocat | O47: =Matériaux!N58 -> 4.51
B48: Huile d’aloè vera | D48: =Matériaux!N59 -> 4.51 | E48: =Tableau2[[#This Row],[Quantité]]*Tableau2[[#This Row],[Prix TTC/g]] -> 0 | M48: Huile d’aloè vera | O48: =Matériaux!N59 -> 4.51
B49: Huile d’olive | D49: =Matériaux!N61 -> 3.16 | E49: =Tableau2[[#This Row],[Quantité]]*Tableau2[[#This Row],[Prix TTC/g]] -> 0 | M49: Beurre karité | O49: =Matériaux!N61 -> 3.16
B50: Beurre karité | D50: =Matériaux!N62 -> 2.5 | E50: =Tableau2[[#This Row],[Quantité]]*Tableau2[[#This Row],[Prix TTC/g]] -> 0 | M50: Eau de rose | O50: =Matériaux!N62 -> 2.5
B51: Eau de rose | D51: =Matériaux!N63 -> 0.0238 | E51: =Tableau2[[#This Row],[Quantité]]*Tableau2[[#This Row],[Prix TTC/g]] -> 0 | M51: Eau d’eucalyptus | O51: =Matériaux!N63 -> 0.0238
B52: Eau d’eucalyptus | D52: 0 | E52: =Tableau2[[#This Row],[Quantité]]*Tableau2[[#This Row],[Prix TTC/g]] -> 0 | M52: Agar Agar | O52: 0
B53: Agar Agar | D53: 0 | E53: =Tableau2[[#This Row],[Quantité]]*Tableau2[[#This Row],[Prix TTC/g]] -> 0 | M53: Gélatine | O53: 0
B54: Gélatine | D54: 0 | E54: =Tableau2[[#This Row],[Quantité]]*Tableau2[[#This Row],[Prix TTC/g]] -> 0 | M54: Eau minérale | O54: =Matériaux!N66 -> 0.009
B55: Eau minérale | C55: 247 | D55: =Matériaux!N66 -> 0.009 | E55: =Tableau2[[#This Row],[Quantité]]*Tableau2[[#This Row],[Prix TTC/g]] -> 2.223 | M55: Fécule de pomme de terre/corn stach | O55: =Matériaux!N67 -> 0
B56: Fécule de pomme de terre/corn stach | D56: =Matériaux!N67 -> 0 | E56: =Tableau2[[#This Row],[Quantité]]*Tableau2[[#This Row],[Prix TTC/g]] -> 0 | M56: Cendre de bois | O56: 0
B57: Cendre de bois | D57: 0 | E57: 0 | M57: Zestes agrumes | O57: 0
B58: Zestes agrumes | D58: =Matériaux!N70 -> 0.27878 | E58: =Tableau2[[#This Row],[Quantité]]*Tableau2[[#This Row],[Prix TTC/g]] -> 0 | M58: Gros sel | O58: =Matériaux!N70 -> 0.27878
B59: Gros sel | D59: =Matériaux!N70 -> 0.27878 | E59: =Tableau2[[#This Row],[Quantité]]*Tableau2[[#This Row],[Prix TTC/g]] -> 0 | M59: Eau demineralisée | O59: 0
B60: Eau demineralisée | D60: =Matériaux!N72 -> 0 | E60: =Tableau2[[#This Row],[Quantité]]*Tableau2[[#This Row],[Prix TTC/g]] -> 0 | O60: =Matériaux!N72 -> 0
E61: =E11+E37+E54 -> 1208.8696
D62: Coût/g | E62: =Tableau2[[#Totals],[Total]]/1000 -> 1.2088696

Sheet Calcul des marges
A1: Calcul des marges
B4: Calcul de la marge / taux de marge / taux de marque en pourcentage et en coefficient
B5: Vous devez prendre les prix vente ou achat hors taxe pour ces calculs.
B6: Exception : si vous ne pouvez pas récupérer la TVA (auto-entrepreneur ou SAS en franchise de TVA par exemple), mettez les montants TTC pour vos achats.
B7: Remplissez les cases bleues. Les résultats sont dans les blocs jaunes
B9: Taux de TVA applicable | C9: 0.2
B10: 1. Calculez votre marge à partir de votre prix de vente et votre prix d'achat | E10: 1bis. Calculez votre marge à partir de votre prix de vente remisé et votre prix d'achat | J10: Prix de vente | K10: Salaire
E11: prix de vente HT | F11: 10 | I11: Atelier Wc
B12: prix de vente HT | C12: 10 | E12: remise sur votre prix de vente | F12: 0.2 | I12: Atelier linge
B13: prix d'achat HT | C13: 12 | E13: prix d'achat HT | F13: 6 | I13: Atelier Surface
B14: Calcul des marges en % et coefficient | E14: Calcul des marges en % et coefficient | I14: Atelier cuisine
B15: taux de marque en % | C15: -0.2 | E15: taux de marque en % | F15: 0.25
B16: taux de marge en % | C16: -0.17 | E16: taux de marge en % | F16: 0.33
B17: marge en coefficient | C17: 0.83 | E17: marge en coefficient | F17: 1.33
E18: Prix de vente HT après remise | F18: 8
B19: Prix de vente TTC | E19: Prix de vente TTC | F19: 9.6
B21: 2. Calculez votre prix de vente à partir de votre prix d'achat et de votre taux de marque cible en % | E21: 2bis. Calculez votre prix de vente à partir de votre prix d'achat et de votre marge cible en coefficient
B22: prix d'achat HT | C22: 6 | E22: prix d'achat HT | F22: 6
B23: taux de marque cible en % | C23: 0.4 | E23: marge cible en coefficient | F23: 1.67
B24: Calcul des marges en % et coefficient | E24: Calcul des marges en % et coefficient
B25: prix de vente HT | C25: 10 | E25: prix de vente HT | F25: 10
B26: marge en coefficient | C26: 1.67 | E26: taux de marque en pourcentage | F26: 0.4
B27: taux de marge en % | C27: 0.67
B28: Prix de vente TTC | C28: 12 | E28: Prix de vente TTC | F28: 12
B29: 3. Calculez votre prix d'achat à partir de votre prix de vente et de votre taux de marque cible en % | E29: 3bis. Calculez votre prix d'achat à partir de votre prix de vente et de votre marge cible en coefficient
B30: prix de vente HT | C30: 10 | E30: prix de vente HT | F30: 10
B31: taux de marque cible en % | C31: 0.4 | E31: marge cible en coefficient | F31: 1.67
B32: Calcul des marges en % et coefficient | E32: Calcul des marges en % et coefficient
B33: prix d'achat HT | C33: 6 | E33: prix d'achat HT | F33: 6
B34: marge en coefficient | C34: 1.67 | E34: taux de marque en pourcentage | F34: 0.4
B35: taux de marge en % | C35: 0.67
B36: Prix de vente TTC | C36: 12 | E36: Prix de vente TTC | F36: 12
B37: 4. Calculez votre prix de vente à partir de votre prix d'achat et de votre taux de marge cible en %
B38: prix d'achat HT | C38: 6
B39: taux de marge cible en % | C39: 0.67
B40: Calcul des marges en % et coefficient
B41: prix de vente HT | C41: 10
B42: taux de marque en pourcentage | C42: 0.4
B43: marge en coefficient | C43: 1.67
B44: Prix de vente TTC | C44: 12
B45: 5. Calculez votre prix d'achat à partir de votre prix de vente et de votre taux de marge cible en %
B46: prix de vente HT | C46: 10
B47: taux de marge cible en % | C47: 0.67
B48: Calcul des marges en % et coefficient
B49: prix d'achat HT | C49: 6
B50: taux de marque en pourcentage | C50: 0.4
B51: marge en coefficient | C51: 1.67
B52: Prix de vente TTC | C52: 12
